 Dungeon Crawl Stone Soup version 0.31-a0-174-g85c54bcb58 (webtiles) character file.

Game seed: 8292276798417562696

3662355 TittyCrusher the Ninja (level 27, 352/352 HPs)
             Began as a Gnoll Transmuter on June 16, 2023.
             Was the Champion of Cheibriados.
             Escaped with the Orb
             ... and 5 runes!
             The game lasted 04:21:57 (60987 turns).

TittyCrusher the Ninja (Gnoll Transmuter)          Turns: 60987, Time: 04:21:58

Health: 352/352    AC: 16    Str: 56      XL:     27
Magic:  50/59      EV: 31    Int: 28 (29) God:    Cheibriados [******]
Gold:   7802       SH:  0    Dex: 31 (32) Spells: 3/73 levels left

rFire   + +          .
                       - Unarmed
rCold   x . .        m - melded +0 kite shield of the Dropbear {Contam Regen+ rCorr Str+4}
rNeg    . . .        t - melded +0 ring mail of True Grit {rC+ Regen+ rCorr Int+2}
rPois   +            A - melded +0 hat of the Game of Kings {Fly Regen+ SInv}
rElec   .            c - melded scarf {rC+ rF+}
rCorr   .            Q - melded +3 pair of gauntlets of War {Slay+5}
SInv    .            F - melded +0 pair of boots "Voamn" {Dex+5}
Will    +....        N - amulet of Vitality {RegenMP++ Regen++}
Stlth   ++++         L - ring of the Castellan {*Corrode Will- MP+9 Str+5 Slay+6}
HPRegen 2.38/turn    M - ring "Ruynno" {Str+6 Dex+2 Stlth+}
MPRegen 1.16/turn

%: corrode self (3%)
@: dragon-form, flying, studying 3 skills, very slow
A: dragon claw, dragon scales, breathe fire, flying, boosted hp, giant, (fangs
1), strong nose, distributed training, (iridescent scales 1), evolution 1
0: Orb of Zot
}: 5/15 runes: barnacled, slimy, silver, abyssal, gossamer
a: Breathe Fire, End Transformation, Renounce Religion, Bend Time, Temporal
Distortion, Slouch, Step From Time


You escaped.
You worshipped Cheibriados.
Cheibriados was exalted by your worship.
You were a fearsome dragon!
You visited 11 branches of the dungeon, and saw 55 of its levels.
You visited the Abyss 1 time.
You visited 1 bazaar.
You completed 1 ziggurat, and saw 27 of its levels.
You also visited: Trove, Bailey, Gauntlet and Wizlab.

You collected 12752 gold pieces.
You spent 4950 gold pieces at shops.

Inventory:

Hand Weapons
 f - the +7 lajatang of Order {silver, rMut}
   (You found it on level 25 of a ziggurat)

   rMut:      It protects you from mutation.
 W - the +6 Majin-Bo {spellvamp, MP+6 Int+6}
   (You found it on level 2 of the Crypt)

   Int:       It affects your intelligence (+6).
   MP:        It affects your magic capacity (+6).
Armour
 c - a scarf of resistance (melded)
 e - the +5 helmet "Foilu" {rElec rN+ Int-2 SInv}
   (You found it on level 3 of the Elven Halls)

   Int:       It affects your intelligence (-2).
   rElec:     It insulates you from electricity.
   rN:        It protects you from negative energy.
   SInv:      It lets you see invisible.
 m - the +0 kite shield of the Dropbear (melded) {Contam Regen+ rCorr Str+4}
   (You found it on level 21 of a ziggurat)

   Str:       It affects your strength (+4).
   Contam:    It causes magical contamination when unequipped.
   Regen:     It increases your rate of health regeneration.
   rCorr:     It protects you from acid and corrosion.
 t - the +0 ring mail of True Grit (melded) {rC+ Regen+ rCorr Int+2}
   (You found it in a Gauntlet)

   Int:       It affects your intelligence (+2).
   rC:        It protects you from cold.
   Regen:     It increases your rate of health regeneration.
   rCorr:     It protects you from acid and corrosion.
 A - the +0 hat of the Game of Kings (melded) {Fly Regen+ SInv}
   (You found it on level 5 of the Vaults)

   SInv:      It lets you see invisible.
   Fly:       It grants you flight.
   Regen:     It increases your rate of health regeneration.
 F - the +0 pair of boots "Voamn" (melded) {Dex+5}
   (You found it on level 5 of the Vaults)

   Dex:       It affects your dexterity (+5).
 Q - the +3 pair of gauntlets of War (melded) {Slay+5}
   (You found it on level 17 of a ziggurat)

   Slay:      It affects your accuracy & damage with ranged weapons and melee
   (+5).
 X - the +0 kite shield "Lenouleu" {Str+3 Dex+2}
   (You found it in a treasure trove)

   Str:       It affects your strength (+3).
   Dex:       It affects your dexterity (+2).
Magical Staves
 b - a staff of fire
 R - the staff of poison "Mul Souh" {+Blink rPois rF++ rC+ Dex-2}
   (You found it on level 3 of the Elven Halls)

   [staff of poison]

   Base accuracy: +5 Base damage: 5 Base attack delay: 1.2 This weapon's minimum
   attack delay (0.6) is reached at skill level 12.
   Dex:       It affects your dexterity (-2).
   rF:        It greatly protects you from fire.
   rC:        It protects you from cold.
   rPois:     It protects you from poison.
   +Blink:    It lets you blink.
   It falls into the 'Staves' category.
   It is a one-handed weapon.
 S - a staff of earth
Jewellery
 d - the amulet "Ufykien" {Harm Regen+ Int+2 Dex+3}
   (You found it on level 25 of a ziggurat)

   [amulet of regeneration]

   Int:       It affects your intelligence (+2).
   Dex:       It affects your dexterity (+3).
   Regen:     It increases your rate of health regeneration.
   Harm:      It increases damage dealt and taken.
 j - the ring "Quxutes" {Fly rN+ Str+3}
   (You found it on level 9 of a ziggurat)

   [ring of flight]

   Str:       It affects your strength (+3).
   rN:        It protects you from negative energy.
   Fly:       It grants you flight.
 u - the ring "Eciar" {rPois rF+ rCorr Slay+4 Stlth+}
   (You found it in a treasure trove)

   [ring of slaying]

   Slay:      It affects your accuracy & damage with ranged weapons and melee
   (+4).
   rF:        It protects you from fire.
   rPois:     It protects you from poison.
   rCorr:     It protects you from acid and corrosion.
   Stlth:     It makes you more stealthy.
 v - the ring of the Mage {Wiz Archmagi}
   (You found it on level 4 of a ziggurat)

   [ring of wizardry]

   It improves your spell success rate.
   Archmagi:  It increases the power of your magical spells.
 J - the ring of Xom's Whimsicality {MP+9 AC+4 Slay+2 Stlth-}
   (You found it on level 7 of a ziggurat)

   [ring of protection]

   AC:        It affects your AC (+4).
   Slay:      It affects your accuracy & damage with ranged weapons and melee
   (+2).
   MP:        It affects your magic capacity (+9).
   Stlth:     It makes you less stealthy.
 L - the ring of the Castellan (left foreclaw) {*Corrode Will- MP+9 Str+5 Slay+6}
   (You found it on level 14 of a ziggurat)

   [ring of magical power]

   Str:       It affects your strength (+5).
   Slay:      It affects your accuracy & damage with ranged weapons and melee
   (+6).
   MP:        It affects your magic capacity (+9).
   *Corrode:  It may corrode you when you take damage.
   Will:      It decreases your willpower.
 M - the ring "Ruynno" (right foreclaw) {Str+6 Dex+2 Stlth+}
   (You acquired it on level 8 of the Dungeon)

   [ring of strength]

   Str:       It affects your strength (+6).
   Dex:       It affects your dexterity (+2).
   Stlth:     It makes you more stealthy.
 N - the amulet of Vitality (around neck) {RegenMP++ Regen++}
   (You found it on level 3 of the Elven Halls)

   [amulet of magic regeneration]

   It increases your rate of magic regeneration.
   Regen:     It increases your rate of health regeneration.
 U - the ring "Qyggisut" {Will+ AC+4}
   (You took it off a deep elf demonologist on level 5 of the Vaults)

   [ring of protection]

   AC:        It affects your AC (+4).
   Will:      It increases your willpower.
 V - a +6 ring of dexterity
Wands
 n - a wand of flame (212)
 G - a wand of mindburst (55)
 O - a wand of digging (29)
 T - a wand of roots (8)
Scrolls
 o - 9 scrolls of fear
 r - 7 scrolls of immolation
 B - 6 scrolls of torment
 H - 4 scrolls of blinking
 I - 15 scrolls of fog
 K - 10 scrolls of revelation
 Z - 29 scrolls of teleportation
Potions
 g - 2 potions of brilliance
 h - 5 potions of might
 i - 3 potions of magic
 k - 5 potions of resistance
 l - 27 potions of curing
 p - 8 potions of attraction
 q - 9 potions of lignification
 s - 4 potions of invisibility
 w - 9 potions of haste
 x - 41 potions of mutation
 z - 5 potions of cancellation
 E - 6 potions of ambrosia
 P - 17 potions of enlightenment
 Y - 11 potions of heal wounds
Miscellaneous
 a - a +1 figurine of a ziggurat
 y - a lightning rod (4/4)
 C - a tin of tremorstones (2/2)
 D - a box of beasts


   Skills:
 + Level 23.3 Fighting
 + Level 23.2 Short Blades
 + Level 23.2 Long Blades
 + Level 23.2 Axes
 + Level 23.2 Maces & Flails
 + Level 23.2 Polearms
 + Level 23.2 Staves
 + Level 23.2 Ranged Weapons
 + Level 23.2 Throwing
 + Level 23.2 Armour
 + Level 23.5 Dodging
 O Level 27 Stealth
 + Level 23.2 Shields
 + Level 23.9 Unarmed Combat
 + Level 23.6 Spellcasting
 + Level 19.9 Conjurations
 + Level 19.9 Hexes
 + Level 19.9 Summonings
 + Level 23.0 Necromancy
 + Level 19.9 Translocations
 + Level 20.2 Transmutations
 + Level 19.9 Fire Magic
 + Level 19.9 Ice Magic
 + Level 19.9 Air Magic
 + Level 19.9 Earth Magic
 + Level 21.6 Poison Magic
 + Level 25.0 Invocations
 + Level 23.2 Evocations


You had 3 spell levels left.
You knew the following spells:

 Your Spells              Type           Power      Damage    Failure   Level
a - Shatter               Erth           49%        3d37*     28%         9
b - Wereblood             Tmut           98%        N/A       0%          2
c - Necromutation         Tmut/Necr      50%        N/A       1%          8
d - Apportation           Tloc           100%       N/A       0%          1
e - Confusing Touch       Hex            98%        N/A       0%          3
f - Statue Form           Tmut/Erth      65%        N/A       1%          6
g - Blink                 Tloc           100%       N/A       0%          2
h - Lesser Beckoning      Tloc           100%       N/A       0%          2
i - Sublimation of Blood  Necr           100%       N/A       0%          2
j - Dragon Form           Tmut           49%        N/A       1%          7
k - Ignition              Fire           49%        3d14      1%          8
l - Ozocubu's Refrigerat  Ice            49%        4d18      1%          7
m - Disjunction           Tloc           49%        N/A       1%          8
n - Blade Hands           Tmut           49%        N/A       0%          5

Your spell library contained the following spells:

 Spells                   Type           Power      Damage    Failure   Level
 Beastly Appendage        Tmut           100%       N/A       0%          1
 Kiss of Death            Conj/Necr      100%       2d13      0%          1
 Necrotise                Necr           100%       1d9       0%          1
 Shock                    Conj/Air       100%       1d9       0%          1
 Slow                     Hex            100%       N/A       0%          1
 Sting                    Tmut/Pois      100%       1d8       0%          1
 Summon Small Mammal      Summ           100%       N/A       0%          1
 Call Imp                 Summ           100%       N/A       0%          2
 Cigotuvi's Dreadful Rot  Necr/Pois/Air  100%       N/A       0%          2
 Momentum Strike          Conj/Tloc      100%       3d10      0%          2
 Poisonous Vapours        Pois/Air       100%       N/A       0%          2
 Scorch                   Fire           100%       2d9       0%          2
 Searing Ray              Conj           100%       2d8       0%          2
 Call Canine Familiar     Summ           98%        N/A       0%          3
 Dazzling Flash           Conj/Hex       100%       N/A       0%          3
 Gell's Gravitas          Tloc           98%        N/A       0%          3
 Ignite Poison            Fire/Tmut/Pois 99%        N/A       0%          3
 Inner Flame              Hex/Fire       98%        N/A       0%          3
 Mephitic Cloud           Conj/Pois/Air  99%        N/A       0%          3
 Ozocubu's Armour         Ice            98%        N/A       0%          3
 Portal Projectile        Hex/Tloc       100%       N/A       0%          3
 Spider Form              Tmut/Pois      100%       N/A       0%          3
 Stone Arrow              Conj/Erth      100%       3d13      0%          3
 Summon Guardian Golem    Hex/Summ       98%        N/A       0%          3
 Teleport Other           Tloc           98%        N/A       0%          3
 Tukima's Dance           Hex            98%        N/A       0%          3
 Vampiric Draining        Necr           100%       2d13      0%          3
 Vhi's Electric Charge    Tloc/Air       100%       N/A       0%          3
 Volatile Blastmotes      Fire/Tloc      100%       2d18      0%          3
 Anguish                  Hex/Necr       50%        N/A       0%          4
 Animate Armour           Summ/Erth      100%       N/A       0%          4
 Animate Dead             Necr           100%       N/A       0%          4
 Cause Fear               Hex            49%        N/A       0%          4
 Dispel Undead            Necr           100%       3d31      0%          4
 Flame Wave               Conj/Fire      98%        2d20      0%          4
 Fulminant Prism          Conj/Hex       49%        3d21      0%          4
 Ice Form                 Ice/Tmut       98%        N/A       0%          4
 Iskenderun's Mystic Bla  Conj/Tloc      98%        2d19      0%          4
 Leda's Liquefaction      Hex/Erth       49%        N/A       0%          4
 Manifold Assault         Tloc           98%        N/A       0%          4
 Olgreb's Toxic Radiance  Pois           100%       N/A       0%          4
 Petrify                  Tmut/Erth      98%        N/A       0%          4
 Sticky Flame             Conj/Fire      98%        2d11      0%          4
 Summon Ice Beast         Ice/Summ       98%        N/A       0%          4
 Summon Lightning Spire   Summ/Air       98%        N/A       0%          4
 Agony                    Necr           100%       N/A       0%          5
 Alistair's Intoxication  Tmut/Pois      66%        N/A       0%          5
 Arcjolt                  Conj/Air       49%        1d59      0%          5
 Borgnjor's Vile Clutch   Necr/Erth      50%        N/A       0%          5
 Freezing Cloud           Conj/Ice/Air   49%        6-21      0%          5
 Irradiate                Conj/Tmut      49%        3d28      0%          5
 Iskenderun's Battlesphe  Conj           98%        2d14      0%          5
 Lee's Rapid Deconstruct  Erth           49%        3d23*     0%          5
 Metabolic Englaciation   Hex/Ice        49%        N/A       0%          5
 Silence                  Hex/Air        49%        N/A       0%          5
 Summon Forest            Summ/Tloc      49%        N/A       0%          5
 Summon Mana Viper        Hex/Summ       98%        N/A       0%          5
 Yara's Violent Unravell  Hex/Tmut       49%        3d19      0%          5
 Death Channel            Necr           52%        N/A       0%          6
 Conjure Ball Lightning   Conj/Air       49%        3x3d17    1%          6
 Dispersal                Tloc           49%        N/A       1%          6
 Eringya's Noxious Bog    Tmut/Pois      50%        N/A       1%          6
 Leda's Unmaking          Conj/Erth      49%        9d8       1%          6
 Plasma Beam              Fire/Air       49%        2x1d63    1%          6
 Simulacrum               Ice/Necr       50%        N/A       1%          6
 Starburst                Conj/Fire      49%        6d13      1%          6
 Summon Cactus Giant      Summ           49%        N/A       1%          6
 Enfeeble                 Hex            49%        N/A       1%          7
 Haunt                    Necr/Summ      50%        N/A       1%          7
 Malign Gateway           Summ/Tloc      49%        N/A       1%          7
 Monstrous Menagerie      Summ           49%        N/A       1%          7
 Orb of Destruction       Conj           49%        9d13      1%          7
 Spellforged Servitor     Conj/Summ      49%        N/A       1%          7
 Summon Hydra             Summ           49%        N/A       1%          7
 Discord                  Hex            49%        N/A       1%          8
 Lehudib's Crystal Spear  Conj/Erth      49%        10d12     1%          8
 Maxwell's Capacitive Co  Air            49%        ∞         1%          8
 Summon Horrible Things   Summ           49%        N/A       1%          8
 Death's Door             Necr           52%        N/A       8%          9
 Chain Lightning          Conj/Air       49%        3d65      28%         9
 Dragon's Call            Summ           49%        N/A       28%         9
 Fire Storm               Conj/Fire      49%        8d12      28%         9


Dungeon Overview and Level Annotations

Branches:
Dungeon (15/15)            Temple (0/1) D:6            Lair (5/5) D:8
 Shoals (4/4) Lair:3       Spider (4/4) Lair:3        Slime (5/5) Lair:4
    Orc (2/2) D:12            Elf (3/3) Orc:2        Vaults (5/5) D:13
  Crypt (3/3) Vaults:2       Tomb (0/3) Crypt:3      Depths (4/4) D:15
    Zot (5/5) Depths:4     Bailey (visited)          WizLab (visited)
Gauntlet (visited)

Altars:
Ashenzari
Cheibriados
Fedhas
Gozag
Kikubaaqudgha
Nemelex Xobeh
Okawaru
Qazlal
Sif Muna
Trog
Uskayaw
Vehumet
Xom
Yredelemnul
Zin
The Shining One
Jiyva
Lugonu

Shops:
D:4 (   D:5 :   D:7 :   D:8 [   D:12 (   D:14 *:   D:15 (   Orc:1 !
Orc:2 (=[*   Elf:1 =   Elf:2 (   Vaults:2 =   Vaults:4 *

Portals:
Hell: Depths:1 Depths:2 Depths:3 Depths:4
Abyss: D:5 Depths:1 Depths:2 Depths:3 Depths:4
Pandemonium: Depths:2

Annotations:
Elf:2 3 runed translucent doors


Innate Abilities, Weirdness & Mutations

You are a fearsome dragon!
You have a powerful clawing attack.
Your giant scaled body is strong and resiliant, but less evasive.
You can breathe fire.
You are flying.
Your maximum health is greatly increased.
Your armour is entirely melded.
You are incapable of wielding weapons or throwing items.
((You have very sharp teeth.))
Your uncanny sense of smell can sniff out nearby items.
Your experience applies equally to all skills.
((You are partially covered in iridescent scales. (AC +2)))
You have hidden genetic potential.


Message History

There is a stone staircase leading down here.
You see here a +0 club.
There is a stone staircase leading up here.
You fly upwards.
There is a stone staircase leading down here.
You see here a +0 flail.
There is a stone staircase leading up here.
You fly upwards.
There is a stone staircase leading down here.
There is a staircase leading out of the dungeon here.
You start waiting.
An Ice Fiend comes into view.
You warp the flow of time around you!
Casting: Lesser Beckoning (safe; 0% risk of failure)
Confirm with . or Enter, or press ? or * to list all spells.
You turn into a fearsome dragon!
Your scarf of resistance melds into your body.
The +0 hat of the Game of Kings {Fly Regen+ SInv} melds into your body.
The +3 pair of gauntlets of War {Slay+5} melds into your body.
The +0 pair of boots "Voamn" {Dex+5} melds into your body.
The +0 kite shield of the Dropbear {Contam Regen+ rCorr Str+4} melds into your body.
The +0 ring mail of True Grit {rC+ Regen+ rCorr Int+2} melds into your body.
You feel hot and cold all over.
You float gracefully downwards.
Unknown command.
Casting: Dragon Form (mildly dangerous; 1% risk of failure)
Confirm with . or Enter, or press ? or * to list all spells.
Aiming: Lesser Beckoning (safe; 0% risk of failure)
Press: ? - help, Shift-Dir - straight line, f - Ice Fiend
Aim: an Ice Fiend (100% to hit)
The Ice Fiend hurls suddenly forward!
The Ice Fiend misses you. x2
Unknown command.
You maul the Ice Fiend!!!!
You kill the Ice Fiend!
Cheibriados appreciates the change of pace.
You are a fearsome dragon!
You are flying.
You are studying Stealth, Necromancy and Poison Magic.
Your flying speed is very slow.
Your attack delay is about 0.5.
Your damage rating with unarmed combat is about 188 (Base [38 + 23 (UC)] x 215% (Str) x 138% (Fight) + 6 (Slay)).
Your base attributes are Str 20, Int 14, Dex 15.
You have escaped!

#...#.#.#.#.#.#.#.#.....#
####...............####.#
#..........#......# #.##
##.......#.......####..###
#......#....#.....#.......
##...#...........#########
#..#...#.#.#.#....# #
##...............## #
#...#..#.D.#..#...# ####
##...............## ##...
###....#.#.#.#...#..#
#..##
#.##...........#...## #.##
#.#.....#....#......# #.#
#.##.......#.......## ##.#
#.#......#..........# #..#
#.##...............####.##
#...#.#.#.#.#.#.#.#.....#


There were no monsters in sight!

Vanquished Creatures
  3 ancient liches
  6 dread liches
  6 orbs of fire
  7 juggernauts
  A pandemonium lord (Zig:19)
  Boris (Vaults:4)
  14 royal mummies
  Sojobo (Crypt:1)
  2 shard shrikes (Zig:22)
  Vv (Crypt:3)
  Bai Suzhen (Vaults:2)
  11 Killer Klowns (Zot:5)
  Frederick (Vaults:5)
  3 caustic shrikes
  Saint Roka (Elf:3)
  A curse toe (Zig:10)
  The ghost of Tourr the Warrior, a veteran HuIE of Zin (Depths:4)
  16 golden dragons
  7 profane servitors
  the Enchantress (Depths:3)
  The ghost of Ahineos the Imperceptible, a veteran OpTm of Cheibriados (Depths:4)
  3 pearl dragons (Zig:9)
  Arachne (Spider:2)
  A mutant beast (WizLab)
  5 bone dragons
  5 Tzitzimimeh (Zig:23)
  4 Brimstone Fiends (Zig:16)
  3 doom hounds (Zig:23)
  7 hellephants
  3 iron giants
  4 electric golems
  The ghost of Xutext the Spry, an adept DsAK of Lugonu (Depths:4)
  Jorgrun (Spider:2)
  9 Ice Fiends
  A tainted leviathan (Zig:23)
  A Hell Sentinel (Zig:11)
  26 Orb Guardians
  Asterion (Vaults:1)
  17 tentacled monstrosities
  7 liches
  5 quicksilver dragons
  A deep elf blademaster (Elf:3)
  3 searing wretches (Zig:16)
  4 titans (Vaults:5)
  17 acid blobs
  4 death cobs
  4 sphinxes
  A deep elf master archer (Zig:6)
  4 Executioners
  A sphinx (shapeshifter) (Depths:3)
  11 tentacled starspawn
  The ghost of Qyphoemu the Black Belt, an adept GnTm of Gozag (Spider:1)
  The ghost of rabbitsville the Warrior, an adept FoHu of Hepliaklqana (Spider:2)
  8 draconian monks
  7 ancient champions
  10 tengu reavers
  13 shadow dragons
  15 azure jellies
  12 storm dragons
  Kirke (Shoals:4)
  11 draconian knights
  Donald (Orc:2)
  9 narguns (Zig:22)
  10 rockslimes
  A fenstrider witch (Zig:24)
  2 fire giants (Zig:16)
  2 daevas (Zig:9)
  12 nagarajas
  5 revenants
  17 vault wardens
  3 iron dragons
  9 frost giants
  A quicksilver elemental (Zig:11)
  15 draconian scorchers
  31 ghost moths
  14 emperor scorpions
  2 spectral caustic shrikes (Zig:23)
  3 caustic shrike zombies
  9 balrugs
  Louise (Depths:2)
  4 spriggan defenders (Depths:3)
  6 deep elf elementalists (Elf:3)
  Aizul (Spider:2)
  An angel (Zig:9)
  6 deep elf sorcerers (Elf:3)
  7 caustic shrike skeletons
  4 orc warlords
  16 ghouls
  5 curse skulls
  15 ironbound preservers
  A broodmother (shapeshifter) (Vaults:5)
  A spectral juggernaut (Zig:23)
  5 demonspawn corrupters
  5 formless jellyfish
  A cacodemon (Zig:19)
  32 very ugly things
  14 draconian shifters
  3 reapers
  4 broodmothers
  12 quicksilver oozes
  6 draconian stormcallers
  8 vampire knights
  An ophan (Zig:9)
  19 draconian annihilators
  14 green draconians
  4 war gargoyles
  9 stone giants
  A starflower (Abyss:3)
  2 apis (Zig:9)
  Nessos (D:15)
  9 ironbound thunderhulks
  7 deep elf demonologists
  2 juggernaut skeletons
  11 putrid mouths (Zig:23)
  8 dire elephants
  12 spark wasps
  13 deep elf annihilators
  15 yellow draconians
  7 wendigos (Zig:22)
  A lorocyproca (Depths:2)
  10 black draconians
  A minotaur (Gauntlet)
  4 bunyips
  15 purple draconians
  17 white draconians
  3 demonspawn black suns
  21 red draconians
  16 eidola
  3 deep elf death magi
  6 blizzard demons
  20 mummy priests
  13 green deaths
  8 yaktaur captains
  10 ettins
  10 fire dragons
  8 shambling mangroves
  An elf zombie (Crypt:3)
  A quicksilver dragon zombie (Zig:21)
  4 merfolk impalers
  5 jiangshi
  6 merfolk javelineers
  A crystal guardian (Vaults:2)
  An entropy weaver (shapeshifter) (WizLab)
  5 salamander tyrants
  12 great orbs of eyes
  7 spriggan zombies
  2 fenstrider witch zombies (Crypt:2)
  16 entropy weavers
  9 deep elf high priests
  Fannar (Lair:1)
  A ghost crab (Zig:25)
  33 vault guards
  A great orb of eyes (shapeshifter) (WizLab)
  A hydra (shapeshifter) (Vaults:5)
  A spriggan skeleton (Zig:15)
  3 hell beasts
  7 jorogumos
  2 peacekeepers
  An ogre mage (Vaults:1)
  A spectral shadow dragon (Zig:23)
  The ghost of Rudyous the Destroyer, a journeyman DsFE of Gozag (D:11)
  Harold (D:11)
  10 spriggan air magi
  4 ice dragons
  3 rakshasas
  3 anacondas
  2 alligator snapping turtles
  2 catoblepae
  A juggernaut simulacrum (Zig:17)
  13 centaur warriors
  2 anacondas (shapeshifter) (Vaults:5)
  6 merfolk aquamancers
  8 radroaches
  23 hydras
  Erica (D:8)
  A fenstrider witch skeleton (Crypt:2)
  9 ironbound frosthearts
  18 death yaks
  An alligator (Zig:24)
  9 death scarabs
  9 dancing weapons
  8 death knights
  2 satyrs (shapeshifter) (WizLab)
  11 boulder beetles
  5 satyrs (Shoals:4)
  2 hell hogs
  12 deep troll shamans
  3 naga sharpshooters
  10 spriggan berserkers
  Urug (Lair:1)
  4 deep troll earth magi
  10 two-headed ogres
  9 vampire magi
  6 shock serpents
  6 tengu warriors
  10 demonic crawlers
  A titan zombie (Crypt:3)
  2 naga warriors (Zig:24)
  10 thrashing horrors
  9 orc high priests
  20 large abominations
  Amaemon (Lair:2)
  2 crystal echidnas (Zig:11)
  6 soul eaters
  46 spriggans
  8 hell knights
  20 deep elf knights
  5 sun demons
  9 iron trolls
  A storm dragon zombie (Zig:15)
  2 salamander mystics
  11 pharaoh ants
  7 sun moths
  11 skysharks
  15 wretched stars
  7 sixfirhies
  2 titan skeletons (Zig:21)
  6 glowing orange brains
  26 skeletal warriors
  2 shadow wraiths
  3 spatial maelstroms
  5 storm dragon skeletons
  An anaconda zombie (Crypt:3)
  A bunyip zombie (Crypt:3)
  8 spriggan druids
  55 deep trolls
  A golden dragon zombie (Zig:17)
  12 orb spiders
  A glowing orange brain (shapeshifter) (Vaults:5)
  3 shadow demons
  6 flayed ghosts
  16 deep elf archers
  2 naga ritualists
  2 cherubim (Zig:9)
  12 steelbarb worms
  A swamp dragon (shapeshifter) (Vaults:5)
  10 swamp dragons
  11 death drakes (Zig:25)
  2 golden dragon skeletons
  An obsidian statue (Zig:4)
  12 wizards
  15 sea snakes
  14 orc knights
  2 bunyip skeletons
  20 harpies
  19 ironbound convokers
  2 orange crystal statues (Zig:4)
  A tengu zombie (Zig:17)
  7 necromancers
  12 lindwurms
  A lindwurm (shapeshifter) (WizLab)
  24 phantasmal warriors
  A sphinx zombie (Zig:21)
  An iron dragon zombie (Zig:15)
  23 deep elf pyromancers
  45 wolf spiders
  17 deep elf zephyrmancers
  20 fauns
  46 ugly things
  15 cyclopes
  A shadow dragon zombie (Zig:15)
  A stone giant zombie (Crypt:3)
  A manticore (shapeshifter) (WizLab)
  9 orc sorcerers
  12 manticores
  A faun (shapeshifter) (WizLab)
  A will-o-the-wisp (Zig:25)
  A shadow dragon skeleton (Zig:21)
  A sphinx skeleton (Zig:21)
  13 elephants
  5 merfolk sirens
  41 moths of wrath
  8 shining eyes
  2 worldbinders (Zig:20)
  12 black mambas
  4 guardian serpents
  A naga zombie (Crypt:3)
  A centaur zombie (Crypt:3)
  A guardian serpent (shapeshifter) (Depths:2)
  A rust devil (Zig:19)
  A water nymph (shapeshifter) (D:13)
  8 torpor snails
  An apocalypse crab (Zig:20)
  A naga mage (Zig:24)
  2 ice statues
  12 smoke demons
  16 vault sentinels
  3 cane toads (shapeshifter)
  A centaur skeleton (Crypt:1)
  3 naga skeletons
  A dire elephant zombie (Crypt:3)
  2 eyes of devastation (Slime:5)
  2 gargoyles
  14 cane toads
  2 torpor snails (shapeshifter) (Depths:2)
  3 molten gargoyles
  8 water nymphs
  2 orange demons
  Maggie (D:8)
  18 komodo dragons
  A rime drake (shapeshifter) (WizLab)
  A human zombie (Vaults:3)
  3 kobold demonologists
  4 unseen horrors
  9 hellions
  A yaktaur (shapeshifter) (WizLab)
  3 efreet
  A komodo dragon (shapeshifter) (WizLab)
  24 yaktaurs
  12 freezing wraiths
  A redback zombie (Crypt:2)
  7 rime drakes
  An anaconda simulacrum (Abyss:2)
  5 ice devils
  7 tormentors
  3 tengu conjurers (Depths:3)
  13 ancient zymes
  A catoblepas skeleton (Crypt:1)
  5 harpy zombies
  A minotaur skeleton (Crypt:2)
  A hydra zombie (Crypt:3)
  A troll (shapeshifter) (WizLab)
  17 merfolk
  A meliai (shapeshifter) (WizLab)
  2 silent spectres (Zig:23)
  34 guardian mummies
  A purple draconian skeleton (Crypt:2)
  A meliai (Zig:26)
  A death drake zombie (Crypt:1)
  A polar bear (shapeshifter) (Vaults:5)
  4 polar bears
  7 wind drakes
  A queen bee (shapeshifter) (WizLab)
  28 tarantellas
  32 hornets
  11 trolls
  A sphinx simulacrum (Zig:22)
  3 hellwings
  2 tyrant leeches
  A harpy skeleton (Crypt:2)
  11 raiju
  18 dream sheep
  A great orb of eyes zombie (Crypt:1)
  5 snapping turtles
  An ettin zombie (Vaults:3)
  A hydra skeleton (Crypt:1)
  A raiju (shapeshifter) (WizLab)
  A centaur simulacrum (D:13)
  A dream sheep (shapeshifter) (WizLab)
  A satyr skeleton (Crypt:1)
  2 culicivoras (shapeshifter)
  82 slime creatures
  18 flying skulls
  A jumping spider (shapeshifter) (Elf:3)
  17 blink frogs (Lair:5)
  2 air elementals
  36 jumping spiders
  2 spriggans (shapeshifter)
  8 ynoxinuls
  42 culicivoras
  5 wyverns
  9 humans (D:13)
  A black mamba zombie (Crypt:1)
  A dire elephant simulacrum (Crypt:2)
  10 water elementals
  7 shadows
  2 vampires
  17 wraiths
  A wyvern (shapeshifter) (Elf:1)
  A fire bat (Abyss:2)
  A wind drake zombie (Crypt:2)
  40 yaks
  13 ushabtiu
  A fire bat (shapeshifter) (Elf:3)
  2 hogs (Shoals:4)
  5 basilisks
  3 fire elementals
  2 redbacks (shapeshifter)
  70 redbacks
  Grum (D:8)
  48 starcursed masses
  5 golden eyes
  2 basilisks (shapeshifter) (WizLab)
  2 chaos spawn (Abyss:2)
  A hog (shapeshifter) (WizLab)
  An iron golem (WizLab)
  11 vampire mosquitoes (D:13)
  A yaktaur simulacrum (Vaults:3)
  4 neqoxecs
  6 steam dragons
  5 wargs
  A spatial vortex (Abyss:2)
  A naga (Zig:13)
  2 acid dragons
  2 glowing shapeshifter zombies
  8 hell hounds
  11 water moccasins
  4 floating eyes (WizLab)
  A floating eye (shapeshifter) (WizLab)
  2 black bears
  3 sky beasts
  A fire bat skeleton (Crypt:1)
  A tengu (shapeshifter) (Elf:1)
  3 black bears (shapeshifter) (WizLab)
  2 ice beasts
  67 orc warriors
  16 ogres
  An ogre (shapeshifter) (WizLab)
  5 boggarts (D:15)
  3 wolves
  A centaur (shapeshifter) (WizLab)
  15 centaurs
  A dream sheep skeleton (Crypt:2)
  3 phantoms
  17 bullfrogs
  2 kobold brigands
  A scorpion (D:5)
  15 necrophages
  2 gnoll sergeants
  2 earth elementals
  An ogre simulacrum (Vaults:3)
  26 small abominations
  14 wights
  4 wyvern skeletons (Crypt:3)
  A cyclops skeleton (Crypt:2)
  6 killer bees (D:9)
  10 howler monkeys
  8 electric eels
  A yak skeleton (Crypt:2)
  A quasit (Abyss:2)
  5 lava snakes (Lair:5)
  A bullfrog zombie (Crypt:2)
  36 orc priests
  4 hounds
  A jelly (D:6)
  2 gnoll boudas
  4 iron imps
  2 iguanas
  A sleepcap (D:4)
  29 orc wizards
  7 hell rats (Lair:2)
  45 mummies
  8 adders
  21 gnolls
  A shadow imp (D:6)
  5 white imps
  2 ufetubi
  A lava snake zombie (Crypt:1)
  A worm (D:4)
  4 dart slugs
  97 orcs
  7 bats
  5 endoplasms
  A giant cockroach (D:4)
  14 goblins
  23 hobgoblins
  9 jackals
  13 kobolds
  8 quokkas
  3 training dummies (D:12)
  7 ball pythons
  2 frilled lizards
  A hobgoblin skeleton (Crypt:1)
  6 rats
  A rat skeleton (Crypt:1)
  A lurking horror (D:5)
  5 starspawn tentacles
3600 creatures vanquished.

Vanquished Creatures (collateral kills)
  the Royal Jelly (Slime:5)
  An azure jelly (Slime:5)
2 creatures vanquished.

Vanquished Creatures (others)
  A caustic shrike (Depths:1)
  A golden dragon (Zig:25)
  2 draconian knights (Zig:27)
  A ghost moth (Zot:5)
  A wendigo (Zig:22)
  A white draconian (Zig:27)
  A caustic shrike simulacrum (Zig:22)
  A hydra (Lair:2)
  A dancing weapon (Zig:6)
  2 deep elf knights
  A thrashing horror (Zig:20)
  2 deep elf pyromancers (Elf:2)
  A deep elf zephyrmancer (Elf:3)
  A tormentor (Zig:22)
  A yaktaur (Vaults:2)
  2 merfolk (Shoals:4)
  A shadow dragon simulacrum (Zig:22)
  A hornet (Depths:3)
  A tarantella (Spider:2)
  A small abomination (Abyss:3)
  An orc warrior (Elf:1)
  2 gnolls (D:8)
  A lurking horror (Abyss:2)
  13 starspawn tentacles
41 creatures vanquished.

Grand Total: 3643 creatures vanquished

Notes
Turn   | Place    | Note
-------+----------+-------------------------------------------
     0 | D:1      | TittyCrusher the Gnoll Transmuter began the quest for the
                  | Orb.
     0 | D:1      | Reached XP level 1. HP: 17/17 MP: 6/6
   101 | D:1      | Reached XP level 2. HP: 23/23 MP: 7/7
   105 | D:1      | Learned a level 2 spell: Wereblood
   266 | D:1      | Reached skill level 5 in Spellcasting
   266 | D:1      | Reached XP level 3. HP: 28/28 MP: 6/9
   270 | D:1      | Learned a level 3 spell: Spider Form
   280 | D:1      | Reached skill level 1 in Invocations
   496 | D:1      | Reached skill level 1 in Short Blades
   496 | D:1      | Reached skill level 1 in Long Blades
   496 | D:1      | Reached skill level 1 in Axes
   496 | D:1      | Reached skill level 1 in Maces & Flails
   496 | D:1      | Reached skill level 1 in Polearms
   496 | D:1      | Reached skill level 1 in Staves
   496 | D:1      | Reached skill level 1 in Ranged Weapons
   496 | D:1      | Reached skill level 1 in Throwing
   496 | D:1      | Reached skill level 1 in Armour
   496 | D:1      | Reached skill level 1 in Stealth
   496 | D:1      | Reached skill level 1 in Shields
   496 | D:1      | Reached skill level 1 in Evocations
   668 | D:2      | Reached XP level 4. HP: 29/34 MP: 11/11
   699 | D:2      | Found a faded altar of an unknown god.
   749 | D:2      | Reached skill level 1 in Conjurations
   749 | D:2      | Reached skill level 1 in Hexes
   749 | D:2      | Reached skill level 1 in Summonings
   749 | D:2      | Reached skill level 1 in Necromancy
   749 | D:2      | Reached skill level 1 in Translocations
   749 | D:2      | Reached skill level 1 in Fire Magic
   749 | D:2      | Reached skill level 1 in Ice Magic
   749 | D:2      | Reached skill level 1 in Air Magic
   749 | D:2      | Reached skill level 1 in Earth Magic
   749 | D:2      | Reached skill level 1 in Poison Magic
  1407 | D:2      | Reached XP level 5. HP: 39/40 MP: 9/12
  1432 | D:3      | Found a bloodstained altar of Trog.
  2328 | D:4      | Reached XP level 6. HP: 43/47 MP: 8/13
  2330 | D:4      | Found a shimmering blue altar of Sif Muna.
  2330 | D:4      | Found a hide-covered altar of Uskayaw.
  2330 | D:4      | Found a glowing silver altar of Zin.
  2332 | D:4      | Found a shimmering altar of Xom.
  2332 | D:4      | Found a basalt altar of Yredelemnul.
  2332 | D:4      | Found a snail-covered altar of Cheibriados.
  2334 | D:4      | Found an iron altar of Okawaru.
  2334 | D:4      | Found a glowing golden altar of the Shining One.
  2334 | D:4      | Found an opulent altar of Gozag.
  2341 | D:4      | Became a worshipper of Cheibriados the Contemplative
  2482 | D:4      | Reached skill level 5 in Dodging
  2560 | D:4      | Reached skill level 2 in Stealth
  3287 | D:4      | Found Kebo Caa's Weapon Shoppe.
  3414 | D:5      | Entered Level 5 of the Dungeon
  3493 | D:5      | Noticed a yak
  3495 | D:5      | Noticed a yak
  3496 | D:5      | Noticed a yak
  3503 | D:5      | Killed a yak
  3504 | D:5      | Reached XP level 7. HP: 52/52 MP: 10/15
  3507 | D:5      | Killed a yak
  3512 | D:5      | Killed a yak
  3512 | D:5      | Reached * piety under Cheibriados
  3641 | D:5      | Reached skill level 3 in Stealth
  3641 | D:5      | Reached XP level 8. HP: 60/60 MP: 11/16
  3828 | D:5      | Found Hoskab's Book Emporium.
  3979 | D:5      | Found a one-way gate to the infinite horrors of the Abyss.
  3979 | D:5      | Found a corrupted altar of Lugonu.
  4498 | D:6      | Found a blossoming altar of Fedhas.
  4502 | D:6      | Found a stormy altar of Qazlal.
  4653 | D:6      | Learned a level 4 spell: Ice Form
  4855 | D:6      | Reached ** piety under Cheibriados
  4886 | D:6      | Found a staircase to the Ecumenical Temple.
  5448 | D:7      | Found Siagrom's Book Boutique.
  5458 | D:7      | Reached skill level 5 in Transmutations
  5612 | D:7      | Reached skill level 4 in Stealth
  5612 | D:7      | Reached XP level 9. HP: 67/67 MP: 14/18
  5621 | D:7      | Found a flagged portal.
  5677 | Bailey   | Entered a bailey
  5705 | Bailey   | Reached skill level 5 in Fighting
  5780 | Bailey   | Reached *** piety under Cheibriados
  5782 | Bailey   | Noticed an orc sorcerer
  5787 | Bailey   | Killed an orc sorcerer
  5788 | Bailey   | Reached skill level 5 in Invocations
  5799 | Bailey   | Acquired the +2 buckler of Foolhardiness {rF+}
  5801 | Bailey   | Acquired 821 gold pieces
  5995 | Bailey   | Found an iron altar of Okawaru.
  5995 | Bailey   | Noticed a kobold demonologist
  6003 | Bailey   | Noticed a sixfirhy
  6008 | Bailey   | Killed a kobold demonologist
  6009 | Bailey   | Reached skill level 5 in Short Blades
  6009 | Bailey   | Reached skill level 5 in Long Blades
  6009 | Bailey   | Reached skill level 5 in Axes
  6009 | Bailey   | Reached skill level 5 in Maces & Flails
  6009 | Bailey   | Reached skill level 5 in Polearms
  6009 | Bailey   | Reached skill level 5 in Staves
  6009 | Bailey   | Reached skill level 5 in Ranged Weapons
  6009 | Bailey   | Reached skill level 5 in Throwing
  6009 | Bailey   | Reached skill level 5 in Armour
  6009 | Bailey   | Reached skill level 5 in Stealth
  6009 | Bailey   | Reached skill level 5 in Shields
  6009 | Bailey   | Reached skill level 5 in Evocations
  6009 | Bailey   | Reached XP level 10. HP: 67/76 MP: 15/20
  6029 | Bailey   | Identified the +5 halberd "Impslayer" {heavy, Str+3 Int+4}
  6532 | D:6      | Reached **** piety under Cheibriados
  6986 | D:7      | Killed an unseen horror
  7421 | D:8      | Acquired the ring "Ruynno" {Str+6 Dex+2 Stlth+}
  7823 | D:8      | Found a sparkling altar of Nemelex Xobeh.
  7968 | D:8      | Noticed Psyche
  7971 | D:8      | Noticed Psyche
  7976 | D:8      | Killed Psyche the ice beast
  8021 | D:8      | Noticed Erica
  8032 | D:8      | Learned a level 3 spell: Confusing Touch
  8044 | D:8      | Killed Erica
  8097 | D:8      | Found a staircase to the Lair.
  8112 | D:8      | Reached skill level 6 in Stealth
  8113 | D:8      | Noticed Grum
  8118 | D:8      | Noticed a kobold demonologist
  8121 | D:8      | Killed Grum
  8122 | D:8      | Reached skill level 5 in Conjurations
  8122 | D:8      | Reached skill level 5 in Hexes
  8122 | D:8      | Reached skill level 5 in Summonings
  8122 | D:8      | Reached skill level 5 in Necromancy
  8122 | D:8      | Reached skill level 5 in Translocations
  8122 | D:8      | Reached skill level 5 in Fire Magic
  8122 | D:8      | Reached skill level 5 in Ice Magic
  8122 | D:8      | Reached skill level 5 in Air Magic
  8122 | D:8      | Reached skill level 5 in Earth Magic
  8122 | D:8      | Reached skill level 5 in Poison Magic
  8127 | D:8      | Killed a kobold demonologist
  8128 | D:8      | Reached XP level 11. HP: 83/83 MP: 20/23
  8215 | D:8      | Found Haimop's Armour Emporium.
  8225 | D:8      | Bought a +1 helmet for 138 gold pieces
  8225 | D:8      | Bought the +1 pair of gloves "Haeto" {rF+ Stlth+} for 315
                  | gold pieces
  8467 | D:8      | Noticed Maggie
  8487 | D:8      | Killed Maggie
  8688 | Lair:1   | Entered Level 1 of the Lair of Beasts
  8810 | Lair:1   | Noticed Fannar
  8825 | Lair:1   | Killed Fannar
  8915 | Lair:1   | Reached ***** piety under Cheibriados
  9363 | Lair:1   | Noticed Urug
  9375 | Lair:1   | Killed Urug
  9738 | Lair:2   | Noticed Amaemon
  9756 | Lair:2   | Killed Amaemon
  9996 | Lair:2   | Noticed a catoblepas
 10014 | Lair:2   | Noticed a four-headed hydra
 10026 | Lair:2   | Killed a four-headed hydra
 10027 | Lair:2   | Reached skill level 7 in Stealth
 10028 | Lair:2   | Killed a catoblepas
 10033 | Lair:2   | Reached XP level 12. HP: 42/91 MP: 24/24
 10507 | Lair:2   | Reached skill level 10 in Unarmed Combat
 10709 | Lair:2   | Noticed a six-headed hydra
 10720 | Lair:2   | Killed a six-headed hydra
 11076 | Lair:2   | You fall into a shaft and drop 2 floors!
 11076 | Lair:4   | Found a staircase to the Slime Pits.
 11102 | Lair:4   | Noticed a catoblepas
 11145 | Lair:3   | Reached skill level 8 in Stealth
 11314 | Lair:3   | Found a staircase to the Shoals.
 11473 | Lair:3   | Reached XP level 13. HP: 99/99 MP: 26/26
 11477 | Lair:3   | Found a hole to the Spider Nest.
 12553 | Lair:4   | Reached skill level 10 in Spellcasting
 12703 | D:7      | Bought a book of Sloth for 468 gold pieces
 12710 | D:7      | Learned a level 6 spell: Statue Form
 13387 | Lair:5   | Entered Level 5 of the Lair of Beasts
 13456 | Lair:5   | Reached skill level 10 in Dodging
 13494 | Lair:5   | Reached skill level 9 in Stealth
 13541 | Lair:5   | Reached ****** piety under Cheibriados
 13945 | Lair:5   | Reached XP level 14. HP: 108/108 MP: 25/28
 13951 | Lair:5   | Reached skill level 10 in Invocations
 14734 | Lair:5   | Found a large runed translucent door.
 14736 | Lair:5   | Found a large runed translucent door.
 14876 | Lair:5   | Reached skill level 10 in Fighting
 16265 | D:10     | Entered Level 10 of the Dungeon
 16976 | D:11     | Identified the +9 great sword "Uvigiotz" {holy, rPois
                  | Int+3}
 17020 | D:11     | Noticed Maurice
 17021 | D:11     | Maurice changed into Maurice the wyvern
 17021 | D:11     | Noticed Maurice
 17030 | D:11     | Killed Maurice the wyvern
 17071 | D:11     | Found a gate leading to a gauntlet.
 17085 | Gauntlet | Entered a Gauntlet
 17085 | Gauntlet | Found a transporter.
 17094 | Gauntlet | Found a transporter.
 17109 | Gauntlet | Found a transporter.
 17114 | Gauntlet | Found a transporter.
 17129 | Gauntlet | Found a transporter.
 17148 | Gauntlet | Found a transporter.
 17160 | Gauntlet | Found a transporter.
 17169 | Gauntlet | Found a transporter.
 17184 | Gauntlet | Found a transporter.
 17194 | Gauntlet | Noticed a quicksilver ooze
 17196 | Gauntlet | Found a transporter.
 17213 | Gauntlet | Found a transporter.
 17231 | Gauntlet | Found a transporter.
 17233 | Gauntlet | Found a transporter.
 17235 | Gauntlet | Found a runed translucent gate.
 17235 | Gauntlet | Found a runed translucent gate.
 17235 | Gauntlet | Found a runed translucent gate.
 17243 | Gauntlet | Found a large runed translucent door.
 17243 | Gauntlet | Found a large runed translucent door.
 17243 | Gauntlet | Found a large runed translucent door.
 17243 | Gauntlet | Found a large runed translucent door.
 17244 | Gauntlet | Found a large runed translucent door.
 17244 | Gauntlet | Found a large runed translucent door.
 17245 | Gauntlet | Found a large runed translucent door.
 17245 | Gauntlet | Found a large runed translucent door.
 17246 | Gauntlet | Found a large runed translucent door.
 17246 | Gauntlet | Found a large runed translucent door.
 17246 | Gauntlet | Found a runed translucent door.
 17246 | Gauntlet | Found a runed translucent door.
 17247 | Gauntlet | Found a large runed translucent door.
 17248 | Gauntlet | Found a large runed translucent door.
 17257 | Gauntlet | Found a large runed translucent door.
 17257 | Gauntlet | Found a large runed translucent door.
 17258 | Gauntlet | Found a large runed translucent door.
 17259 | Gauntlet | Found a large runed translucent door.
 17261 | Gauntlet | Found a transporter.
 17281 | Gauntlet | Found a transporter.
 17359 | Gauntlet | Found a transporter.
 17379 | Gauntlet | Found a transporter.
 17397 | Gauntlet | Found the +3 pair of seven-league boots {Rampage+∞}
 17592 | Gauntlet | Found a transporter.
 17683 | Gauntlet | Identified the ring of Xaest {rElec rF+ MP+9 Str+4}
 17714 | Gauntlet | Identified the +0 ring mail of True Grit {rC+ Regen+ rCorr
                  | Int+2}
 17714 | Gauntlet | Identified the +1 robe of Tuyg {Fly rPois rC- Regen+}
 17759 | D:11     | Reached skill level 10 in Short Blades
 17759 | D:11     | Reached skill level 10 in Long Blades
 17759 | D:11     | Reached skill level 10 in Axes
 17759 | D:11     | Reached skill level 10 in Maces & Flails
 17759 | D:11     | Reached skill level 10 in Polearms
 17759 | D:11     | Reached skill level 10 in Staves
 17759 | D:11     | Reached skill level 10 in Ranged Weapons
 17759 | D:11     | Reached skill level 10 in Throwing
 17759 | D:11     | Reached skill level 10 in Armour
 17759 | D:11     | Reached skill level 10 in Stealth
 17759 | D:11     | Reached skill level 10 in Shields
 17759 | D:11     | Reached skill level 10 in Evocations
 17892 | D:11     | Found a runed translucent gate.
 17893 | D:11     | Found a runed translucent gate.
 17894 | D:11     | Found a runed translucent gate.
 17897 | D:11     | Noticed Rudyous's ghost (journeyman DsFE)
 17897 | D:11     | Identified the +6 chain mail "Vieblear" {Str+2}
 17924 | D:11     | Killed Rudyous's ghost
 18008 | D:11     | Noticed Harold
 18018 | D:11     | Killed Harold
 18041 | D:11     | Reached XP level 15. HP: 117/117 MP: 30/30
 18558 | D:12     | Found a staircase to the Orcish Mines.
 18705 | D:12     | Found Fadanted's Firing Range.
 18958 | D:13     | You fall into a shaft and drop 1 floor!
 19126 | D:13     | Identified the +1 robe of Duck's Teeth {rC+}
 19135 | D:13     | Identified the staff of cold "Fuoho" {rC+ Int+4}
 19144 | D:13     | Identified the staff of cold "Qoed" {rF+ rC+ rN+ Str+2}
 19264 | D:13     | Found a gate to the Vaults.
 19713 | D:14     | Found Qeomeill's Book Shop.
 19966 | D:14     | Found Buapedd's General Store.
 19979 | D:14     | Bought a scroll of blinking for 112 gold pieces
 20298 | D:15     | Entered Level 15 of the Dungeon
 20318 | D:15     | Reached skill level 10 in Transmutations
 20328 | D:15     | Reached XP level 16. HP: 125/125 MP: 29/32
 20444 | D:15     | Reached skill level 11 in Stealth
 20596 | D:15     | Found Okhat's Weapon Shop.
 20647 | D:15     | Noticed Nessos
 20656 | D:15     | Killed Nessos
 20892 | D:15     | Found a staircase to the Depths.
 21066 | Orc:1    | Entered Level 1 of the Orcish Mines
 21066 | Orc:1    | Found Wuics's Distillery.
 21261 | Orc:2    | Entered Level 2 of the Orcish Mines
 21273 | Orc:2    | Noticed Donald
 21286 | Orc:2    | Killed Donald
 21348 | Orc:2    | Found a radiant altar of Vehumet.
 21354 | Orc:2    | Found a staircase to the Elven Halls.
 21858 | Orc:2    | Found Queheb's Antique Armour Shoppe.
 21859 | Orc:2    | Found Qoiron's Antique Weapon Emporium.
 21860 | Orc:2    | Found Siyca's General Store.
 21860 | Orc:2    | Found Titwya's Jewellery Shoppe.
 22010 | Orc:2    | Bought a ring of willpower for 350 gold pieces
 22010 | Orc:2    | Bought a ring of flight for 245 gold pieces
 22028 | Orc:2    | Bought a wand of digging (3) for 189 gold pieces
 22028 | Orc:2    | Bought a scroll of fear for 60 gold pieces
 22291 | D:5      | Bought a book of Spatial Translocations for 252 gold pieces
 22294 | D:5      | Learned a level 2 spell: Blink
 22297 | D:5      | Learned a level 2 spell: Lesser Beckoning
 22486 | D:12     | Bought the +5 shortbow of the People {heavy, rElec rC+} for
                  | 719 gold pieces
 22695 | Spider:1 | Entered Level 1 of the Spider Nest
 22934 | Spider:1 | Reached XP level 17. HP: 133/133 MP: 33/33
 23072 | Spider:1 | Noticed Qyphoemu's ghost (adept GnTm)
 23095 | Spider:1 | Reached skill level 10 in Conjurations
 23095 | Spider:1 | Reached skill level 10 in Hexes
 23095 | Spider:1 | Reached skill level 10 in Summonings
 23095 | Spider:1 | Reached skill level 10 in Necromancy
 23095 | Spider:1 | Reached skill level 10 in Translocations
 23095 | Spider:1 | Reached skill level 10 in Fire Magic
 23095 | Spider:1 | Reached skill level 10 in Ice Magic
 23095 | Spider:1 | Reached skill level 10 in Air Magic
 23095 | Spider:1 | Reached skill level 10 in Earth Magic
 23095 | Spider:1 | Reached skill level 10 in Poison Magic
 23211 | Spider:1 | Found a runed translucent gate.
 23212 | Spider:1 | Found a runed translucent gate.
 23213 | Spider:1 | Found a runed translucent gate.
 23481 | Spider:1 | Killed Qyphoemu's ghost
 23545 | Spider:2 | Reached skill level 12 in Stealth
 23658 | Spider:2 | Found a large runed translucent door.
 23659 | Spider:2 | Found a large runed translucent door.
 23897 | Spider:2 | Noticed Arachne
 23903 | Spider:2 | Noticed Jorgrun
 23912 | Spider:2 | Killed Arachne
 23914 | Spider:2 | Killed Jorgrun
 24364 | Spider:2 | Noticed Aizul
 24370 | Spider:2 | Killed Aizul
 24478 | Spider:2 | Identified the +9 spear of Luraoz {venom, rCorr}
 24776 | Spider:2 | Noticed rabbitsville's ghost (adept FoHu)
 25026 | Spider:2 | Killed rabbitsville's ghost
 25665 | Spider:3 | Reached XP level 18. HP: 142/142 MP: 35/35
 26177 | Spider:4 | Entered Level 4 of the Spider Nest
 26993 | Spider:4 | Got a gossamer rune of Zot
 27269 | Shoals:1 | Entered Level 1 of the Shoals
 27474 | Shoals:1 | Reached skill level 13 in Stealth
 28916 | Shoals:3 | Found a flickering gateway to a bazaar.
 28924 | Bazaar   | Entered a bazaar
 28934 | Bazaar   | Found Tusereuf's Jewellery Emporium.
 28938 | Bazaar   | Found Huck's Distillery.
 28940 | Bazaar   | Found Baurymp's Assorted Antiques.
 28954 | Bazaar   | Found Naliky's Distillery.
 29022 | Bazaar   | Bought 2 potions of mutation for 272 gold pieces
 29022 | Bazaar   | Bought a potion of mutation for 136 gold pieces
 29022 | Bazaar   | Bought a potion of curing for 51 gold pieces
 29022 | Bazaar   | Bought a potion of might for 68 gold pieces
 29022 | Bazaar   | Bought a potion of cancellation for 136 gold pieces
 29039 | Bazaar   | Bought a potion of curing for 27 gold pieces
 29039 | Bazaar   | Bought a potion of might for 36 gold pieces
 29087 | Shoals:3 | Reached XP level 19. HP: 150/150 MP: 35/37
 29807 | Shoals:3 | Learned a level 2 spell: Sublimation of Blood
 29851 | Shoals:4 | Entered Level 4 of the Shoals
 29892 | Shoals:4 | Identified the +6 demon blade "Byatuxzutzi" {flame, Str+2}
 30376 | Shoals:4 | Reached skill level 15 in Unarmed Combat
 30630 | Shoals:4 | Identified the +9 orcbow "Giantslayer" {drain, Will- rCorr
                  | Stlth+}
 30654 | Shoals:4 | Got a barnacled rune of Zot
 30793 | Shoals:4 | Noticed Kirke
 30799 | Shoals:4 | Killed Kirke
 31678 | Vaults:1 | Entered Level 1 of the Vaults
 31919 | Vaults:1 | Reached skill level 15 in Invocations
 32063 | Vaults:1 | Reached XP level 20. HP: 159/159 MP: 38/38
 32124 | Vaults:1 | Reached skill level 14 in Stealth
 32176 | Vaults:1 | Noticed Asterion
 32194 | Vaults:1 | Gained mutation: You do not regenerate when monsters are
                  | visible. [a cacodemon]
 32195 | Vaults:1 | Killed Asterion
 32203 | Vaults:1 | Lost mutation: You do not regenerate when monsters are
                  | visible. [potion of mutation]
 32203 | Vaults:1 | Gained mutation: You have hidden genetic potential. [potion
                  | of mutation]
 32203 | Vaults:1 | Gained mutation: You are frail. (-10% HP) [potion of
                  | mutation]
 32203 | Vaults:1 | Gained mutation: You are agile. (Dex +4, Str/Int -1)
                  | [potion of mutation]
 32204 | Vaults:1 | Lost mutation: You have hidden genetic potential. [potion
                  | of mutation]
 32204 | Vaults:1 | Lost mutation: You are agile. (Dex +4, Str/Int -1) [potion
                  | of mutation]
 32204 | Vaults:1 | Lost mutation: You are frail. (-10% HP) [potion of
                  | mutation]
 32204 | Vaults:1 | Gained mutation: You are strong-willed. (Will+) [potion of
                  | mutation]
 32204 | Vaults:1 | Gained mutation: You have sharp fingernails. [potion of
                  | mutation]
 32857 | Vaults:2 | Reached skill level 15 in Spellcasting
 33120 | Vaults:2 | Noticed Bai Suzhen
 33134 | Vaults:2 | Killed Bai Suzhen
 33159 | Vaults:2 | Found a staircase to the Crypt.
 33159 | Vaults:2 | Found a basalt altar of Yredelemnul.
 33159 | Vaults:2 | Found an ancient bone altar of Kikubaaqudgha.
 33241 | Vaults:2 | Reached skill level 15 in Dodging
 33298 | Vaults:2 | Learned a level 4 spell: Dispel Undead
 33336 | Crypt:1  | Entered Level 1 of the Crypt
 33355 | Crypt:1  | Noticed Sojobo
 33367 | Crypt:1  | Killed Sojobo
 34239 | Crypt:1  | Reached XP level 21. HP: 167/167 MP: 33/40
 34614 | Crypt:2  | Paralysed by a vampire knight for 3 turns
 34978 | Crypt:2  | Reached skill level 15 in Fighting
 35071 | Crypt:2  | Found an ancient bone altar of Kikubaaqudgha.
 35363 | Crypt:2  | Found the +6 Majin-Bo {spellvamp, MP+6 Int+6}
 35443 | Crypt:3  | Entered Level 3 of the Crypt
 35798 | Crypt:3  | Got the Papyrus of Darkness
 35810 | Crypt:3  | Learned a level 8 spell: Necromutation
 35874 | Crypt:3  | Noticed Vv
 35931 | Crypt:3  | Reached skill level 15 in Short Blades
 35931 | Crypt:3  | Reached skill level 15 in Long Blades
 35931 | Crypt:3  | Reached skill level 15 in Axes
 35931 | Crypt:3  | Reached skill level 15 in Maces & Flails
 35931 | Crypt:3  | Reached skill level 15 in Polearms
 35931 | Crypt:3  | Reached skill level 15 in Staves
 35931 | Crypt:3  | Reached skill level 15 in Ranged Weapons
 35931 | Crypt:3  | Reached skill level 15 in Throwing
 35931 | Crypt:3  | Reached skill level 15 in Armour
 35931 | Crypt:3  | Reached skill level 15 in Stealth
 35931 | Crypt:3  | Reached skill level 15 in Shields
 35931 | Crypt:3  | Reached skill level 15 in Evocations
 35931 | Crypt:3  | Found a basalt altar of Yredelemnul.
 35976 | Crypt:3  | Noticed a bone dragon
 35977 | Crypt:3  | Identified the +0 ring mail "Rurrap" {Str+3}
 35991 | Crypt:3  | Killed a bone dragon
 36066 | Crypt:3  | Noticed a profane servitor
 36072 | Crypt:3  | Killed a profane servitor
 36361 | Crypt:3  | Killed Vv
 36388 | Crypt:3  | Noticed a royal mummy
 36400 | Crypt:3  | Killed a royal mummy
 36422 | Crypt:3  | Found a staircase to the Tomb.
 37074 | Crypt:3  | Reached XP level 22. HP: 176/176 MP: 42/42
 37510 | Vaults:2 | Found Yckun's Jewellery Shop.
 38709 | Vaults:3 | Found a runed translucent door.
 39571 | Vaults:4 | Noticed Boris
 39578 | Vaults:4 | Killed Boris
 40003 | Vaults:4 | Found Atoese's Assorted Antiques.
 40013 | Vaults:4 | Bought a lumpy orange potion for 38 gold pieces
 40013 | Vaults:4 | Bought a potion of heal wounds for 215 gold pieces
 40789 | Elf:1    | Entered Level 1 of the Elven Halls
 40954 | Elf:1    | Found Pagidghi's Jewellery Emporium.
 41097 | Elf:1    | Reached XP level 23. HP: 184/184 MP: 43/43
 41159 | Elf:1    | Reached skill level 16 in Stealth
 41167 | Elf:1    | Found a runed translucent gate.
 41167 | Elf:1    | Found a runed translucent gate.
 41167 | Elf:1    | Found a runed translucent gate.
 41167 | Elf:1    | Found a runed translucent gate.
 41167 | Elf:1    | Found a runed translucent gate.
 41168 | Elf:1    | Found a runed translucent gate.
 41381 | Elf:2    | Found a runed translucent gate.
 41381 | Elf:2    | Found a runed translucent gate.
 41392 | Elf:2    | Found a runed translucent gate.
 41665 | Elf:2    | Found Vauhiw's Weapon Shoppe.
 41820 | Elf:3    | Entered Level 3 of the Elven Halls
 41833 | Elf:3    | Noticed Saint Roka
 41841 | Elf:3    | Killed Saint Roka
 41871 | Elf:3    | Found a magical portal.
 41888 | WizLab   | Entered Cigotuvi's Fleshworks
 41904 | WizLab   | Learned a level 5 spell: Lee's Rapid Deconstruction
 42366 | WizLab   | Paralysed by a floating eye for 3 turns
 42439 | WizLab   | Identified the ring "Pihab" {MP+9 Int+2}
 42491 | WizLab   | Got Cigotuvi's Vellum of Sinister Flesh
 42502 | WizLab   | Learned a level 7 spell: Dragon Form
 43254 | Elf:3    | Identified the staff of poison "Zax Hae" {rPois Int+5}
 43277 | Elf:3    | Identified the +5 helmet "Foilu" {rElec rN+ Int-2 SInv}
 43294 | Elf:3    | Identified the staff of poison "Nuntiehi" {Fly rPois rF+
                  | Int-2}
 43327 | Elf:3    | Found the amulet of Vitality {RegenMP++ Regen++}
 43380 | Elf:3    | Identified the +0 ring mail of Disaster {Int+5 Slay-4}
 43436 | Elf:3    | Identified the staff of poison "Mul Souh" {+Blink rPois
                  | rF++ rC+ Dex-2}
 43664 | Depths:1 | Entered Level 1 of the Depths
 43667 | Depths:1 | Found a gateway to Hell.
 43671 | Depths:1 | Noticed a caustic shrike
 43676 | Depths:1 | Killed a caustic shrike
 43685 | Depths:1 | Noticed a caustic shrike
 43686 | Depths:1 | Noticed a caustic shrike
 43692 | Depths:1 | Killed a caustic shrike
 43693 | Depths:1 | Reached XP level 24. HP: 193/193 MP: 44/44
 43698 | Depths:1 | Killed a caustic shrike
 44006 | Depths:1 | Found a broken altar of Ashenzari.
 44095 | Depths:1 | Reached skill level 17 in Stealth
 44547 | Depths:2 | Found a one-way gate leading to the halls of Pandemonium.
 44560 | Depths:2 | Noticed Louise
 44564 | Depths:2 | Killed Louise
 44799 | Depths:2 | Noticed a juggernaut
 44802 | Depths:2 | Killed a juggernaut
 44938 | Depths:2 | Identified the +11 plate armour of Goboprib {rN+}
 44969 | Depths:2 | Acquired 826 gold pieces
 45250 | Depths:2 | Found a portal to a secret trove of treasure.
 46154 | Depths:3 | Reached skill level 15 in Transmutations
 46630 | Depths:3 | Identified the +0 plate armour of the Camelopard {Dex+2
                  | Stlth+}
 46638 | Depths:3 | Reached XP level 25. HP: 202/202 MP: 43/44
 46638 | Depths:3 | Noticed the Enchantress
 46638 | Depths:3 | Identified the +5 giant club of Ruination {drain, *Corrode
                  | Dex+6}
 46638 | Depths:3 | Identified the +9 giant club of the Thoughtful Wonders
                  | {heavy, Fragile rElec Int-3 Dex+9}
 46641 | Depths:3 | Killed the Enchantress
 46643 | Depths:3 | Reached skill level 18 in Stealth
 46887 | Depths:3 | Identified the +1 ring mail "Jarphukiy" {rPois}
 47318 | Depths:3 | Found a bloodstained altar of Trog.
 47506 | Depths:4 | Entered Level 4 of the Depths
 47506 | Depths:4 | Found a runed translucent door.
 47550 | Depths:4 | Noticed Tourr's ghost (veteran HuIE)
 47559 | Depths:4 | Killed Tourr's ghost
 47573 | Depths:4 | Found a runed translucent door.
 47577 | Depths:4 | Noticed Xutext's ghost (adept DsAK)
 47591 | Depths:4 | Killed Xutext's ghost
 47607 | Depths:4 | Identified the +3 sling of Equilibrium {drain, rF++ rCorr
                  | Str-2}
 47610 | Depths:4 | Found a runed translucent door.
 47610 | Depths:4 | Noticed Ahineos's ghost (veteran OpTm)
 47627 | Depths:4 | Killed Ahineos's ghost
 47650 | Depths:4 | Got the Octavo of Maleficent Secrets
 48193 | Depths:2 | You paid a toll of +2 gold dragon scales to enter a
                  | treasure trove
 48194 | Trove    | Entered a treasure trove
 48194 | Trove    | Found the brooch of Shielding {Spirit SH+8}
 48196 | Trove    | Identified the +1 kite shield "Xesa" {rPois rC+ Str+2}
 48198 | Trove    | Identified the amulet "Xerul" {Faith Will+ Int+3 Dex-3
                  | SInv}
 48204 | Trove    | Identified the +0 kite shield "Lenouleu" {Str+3 Dex+2}
 48208 | Trove    | Identified the +0 hat "Emureorgh" {Int+3}
 48220 | Trove    | Identified the ring "Eciar" {rPois rF+ rCorr Slay+4 Stlth+}
 48245 | Trove    | Identified the ring "Gaming" {rF+ rN++ MP+9 Stlth-}
 48257 | Trove    | Identified the ring "Kaptask" {rF+ Str-3 Int+2 Slay+3}
 48276 | Trove    | Identified the ring "Kacejef" {rElec rC+ MP+9 Slay+3}
 48289 | Trove    | Identified the ring "Xiorghyo" {rC+ Str+4 Dex-5 Slay+5
                  | SInv}
 48301 | Trove    | Identified the ring of Mistrust {rF+ rN+}
 48541 | Depths:4 | Reached skill level 15 in Conjurations
 48541 | Depths:4 | Reached skill level 15 in Hexes
 48541 | Depths:4 | Reached skill level 15 in Summonings
 48541 | Depths:4 | Reached skill level 15 in Necromancy
 48541 | Depths:4 | Reached skill level 15 in Translocations
 48541 | Depths:4 | Reached skill level 15 in Fire Magic
 48541 | Depths:4 | Reached skill level 15 in Ice Magic
 48541 | Depths:4 | Reached skill level 15 in Air Magic
 48541 | Depths:4 | Reached skill level 15 in Earth Magic
 48541 | Depths:4 | Reached skill level 15 in Poison Magic
 48609 | Depths:4 | Found a one-way gateway to a ziggurat.
 48888 | Depths:4 | Found a gate to the Realm of Zot.
 49242 | Vaults:5 | Entered Level 5 of the Vaults
 49290 | Vaults:5 | Reached skill level 19 in Stealth
 49290 | Vaults:5 | Noticed a dread lich
 49325 | Vaults:5 | Identified the +1 ring mail of Atel {Will- Dex+4}
 49343 | Vaults:5 | Identified the ring "Qyggisut" {Will+ AC+4}
 49363 | Vaults:5 | Noticed an ancient lich
 49368 | Vaults:5 | Killed an ancient lich
 49390 | Vaults:5 | Reached XP level 26. HP: 211/211 MP: 45/45
 49411 | Vaults:5 | Got a silver rune of Zot
 49529 | Vaults:5 | Identified the +2 leather armour of Meorgh {rCorr Int+4
                  | Stlth+}
 49534 | Vaults:5 | Got the Handbook of the Productive Assassin
 49559 | Vaults:5 | Identified the staff of death "Kautux" {rF+ rN+ Int+2
                  | Dex-5}
 49681 | Vaults:5 | Noticed Frederick
 49686 | Vaults:5 | Killed Frederick
 49714 | Vaults:5 | Identified the +0 pair of boots "Voamn" {Dex+5}
 49749 | Vaults:5 | Killed a dread lich
 49781 | Vaults:5 | Noticed an ancient lich
 49783 | Vaults:5 | Killed an ancient lich
 49797 | Vaults:5 | Identified the +3 orcbow of Accord {drain, rPois rF+
                  | Stlth+}
 49815 | Vaults:5 | Identified the +0 hat of the Game of Kings {Fly Regen+
                  | SInv}
 49868 | Vaults:5 | Identified the +9 rapier "Tupi" {heavy, rC+ Str+2 Dex+2
                  | Stlth+}
 51458 | Slime:1  | Entered Level 1 of the Pits of Slime
 51679 | Slime:5  | Entered Level 5 of the Pits of Slime
 51731 | Slime:5  | Reached skill level 20 in Stealth
 51732 | Slime:5  | Noticed the Royal Jelly
 51741 | Slime:5  | Gained mutation: You are robust. (+10% HP) [a shining eye]
 51743 | Slime:5  | Found a viscous altar of Jiyva.
 51752 | Slime:5  | Gained mutation: Armour fits poorly on your strangely
                  | shaped body. [a shining eye]
 51765 | Slime:5  | Killed the Royal Jelly
 51831 | Slime:5  | Got a slimy rune of Zot
 51832 | Slime:5  | Identified the +0 crystal plate armour of Slovenliness
                  | {Rampage rC++ Will+ Dex-2}
 51838 | Slime:5  | Identified the +6 great sword of the Globe {elec, rF- rCorr
                  | MP+9}
 51841 | Slime:5  | Found the +8 mithril axe "Arga" {speed, Will+}
 51854 | Slime:5  | Identified the ring of the Raven {rF- rCorr Int+6 Stlth+}
 52318 | Zot:1    | Entered Level 1 of the Realm of Zot
 52410 | Depths:4 | Learned a level 8 spell: Ignition
 52916 | D:14     | Bought a scroll of immolation for 60 gold pieces
 52916 | D:14     | Bought a scroll of poison for 60 gold pieces
 52991 | Orc:1    | Bought a potion of resistance for 130 gold pieces
 52991 | Orc:1    | Bought a potion of cancellation for 104 gold pieces
 52991 | Orc:1    | Bought a potion of enlightenment for 65 gold pieces
 52991 | Orc:1    | Bought a potion of invisibility for 104 gold pieces
 53043 | Orc:2    | Bought a tin of tremorstones (2/2) for 600 gold pieces
 53731 | Zig:1    | Entered Level 1 of a ziggurat
 53754 | Zig:2    | Entered Level 2 of a ziggurat
 53783 | Zig:3    | Entered Level 3 of a ziggurat
 53817 | Zig:4    | Entered Level 4 of a ziggurat
 53823 | Zig:4    | Found the ring of the Mage {Wiz Archmagi}
 53855 | Zig:4    | Identified the +1 hand axe "Meatetij" {antimagic, rC- rN+
                  | rCorr}
 53865 | Zig:5    | Entered Level 5 of a ziggurat
 53887 | Zig:5    | Identified the +2 robe of Fixij {rElec rF+ Stlth-}
 53902 | Zig:6    | Entered Level 6 of a ziggurat
 53923 | Zig:6    | Identified the +4 great sword "Qesudimn" {freeze, *Slow Fly
                  | rPois Will++ Dex-2}
 53932 | Zig:7    | Entered Level 7 of a ziggurat
 53941 | Zig:7    | Reached XP level 27. HP: 242/242 MP: 40/46
 53952 | Zig:7    | Identified the ring of Xom's Whimsicality {MP+9 AC+4 Slay+2
                  | Stlth-}
 53954 | Zig:7    | Identified the +10 falchion "Fabof" {freeze, rF+ Str-5
                  | Int+4}
 53984 | Zig:8    | Entered Level 8 of a ziggurat
 53997 | Zig:8    | Found the sphere of Battle
 54010 | Zig:8    | Identified the +1 hand axe "Ikogguz" {vamp, Fly}
 54038 | Zig:9    | Entered Level 9 of a ziggurat
 54063 | Zig:9    | Identified the ring "Quxutes" {Fly rN+ Str+3}
 54074 | Zig:9    | Identified the +0 pair of boots of Insurance {rC- Int+3
                  | Dex+2}
 54082 | Zig:10   | Entered Level 10 of a ziggurat
 54108 | Zig:10   | Identified the ring of Botaoqac {rElec rPois rC+ rN+}
 54110 | Zig:10   | Got the Vademecum on Vitiation and Confrontation
 54123 | Zig:11   | Entered Level 11 of a ziggurat
 54157 | Zig:12   | Entered Level 12 of a ziggurat
 54205 | Zig:12   | Learned a level 7 spell: Ozocubu's Refrigeration
 54214 | Zig:12   | Learned a level 8 spell: Disjunction
 54239 | Zig:12   | Reached skill level 21 in Stealth
 54274 | Zig:12   | Got the Collected Works on Red-Hot Weather
 54278 | Zig:13   | Entered Level 13 of a ziggurat
 54329 | Zig:13   | Identified the +6 rapier of Aduv {freeze, Int+4}
 54331 | Zig:13   | Identified the +3 short sword of Zedgh {heavy, *Rage rC+
                  | rN++ Str-2}
 54334 | Zig:13   | Identified the +3 glaive of Xets {holy, Int+3 Dex+2 SInv}
 54338 | Zig:14   | Entered Level 14 of a ziggurat
 54361 | Zig:14   | Noticed an ancient lich
 54368 | Zig:14   | Killed an ancient lich
 54390 | Zig:14   | Found the +11 plutonium sword {Contam Stlth-}
 54396 | Zig:14   | Identified the ring of the Castellan {*Corrode Will- MP+9
                  | Str+5 Slay+6}
 54407 | Zig:14   | Identified the +6 scale mail of Philately {*Corrode rPois
                  | rC++ Str+2}
 54410 | Zig:14   | Identified the +0 plate armour of the Furies {+Blink Dex+4}
 54411 | Zig:14   | Identified the staff of conjuration "Ojennauf" {Str+5}
 54433 | Zig:15   | Entered Level 15 of a ziggurat
 54439 | Zig:15   | Noticed a royal mummy
 54440 | Zig:15   | Noticed a royal mummy
 54441 | Zig:15   | Noticed a royal mummy
 54442 | Zig:15   | Killed a royal mummy
 54451 | Zig:15   | Killed a royal mummy
 54453 | Zig:15   | Killed a royal mummy
 54464 | Zig:15   | Found the +4 consecrated labrys {holy, Valiant Fragile Fly
                  | SInv}
 54469 | Zig:15   | Identified the staff of air "Plog" {rElec rPois rF- Int+2}
 54470 | Zig:15   | Identified the amulet "Woinumio" {Reflect +Blink Str+3
                  | SH+5}
 54476 | Zig:15   | Got Sif Muna's Teachings on Cursed Leadership
 54490 | Zig:15   | Got the Exposition on Flesh and the Storm
 54500 | Zig:16   | Entered Level 16 of a ziggurat
 54540 | Zig:16   | Reached skill level 22 in Stealth
 54582 | Zig:16   | Found the +8 Vampire's Tooth {megavamp}
 54582 | Zig:16   | Found the +12 pair of quick blades "Gyre" and "Gimble"
                  | {protect}
 54585 | Zig:16   | Found the +3 Mad Mage's Maulers {Infuse+∞ VampMP -Cast}
 54596 | Zig:16   | Identified the +4 battleaxe "Fakin" {drain, rN+ Dex+2}
 54639 | Zig:16   | Learned a level 8 spell: Summon Horrible Things
 54645 | Zig:17   | Entered Level 17 of a ziggurat
 54654 | Zig:17   | Noticed a royal mummy
 54655 | Zig:17   | Noticed a royal mummy
 54655 | Zig:17   | Noticed a royal mummy
 54659 | Zig:17   | Killed a royal mummy
 54659 | Zig:17   | Killed a royal mummy
 54663 | Zig:17   | Killed a royal mummy
 54669 | Zig:17   | Found the +3 pair of gauntlets of War {Slay+5}
 54691 | Zig:17   | Identified the +3 scale mail "Futeti" {rC+ Int+4}
 54700 | Zig:17   | Identified the staff of conjuration "Ruinloc" {Will+}
 54715 | Zig:17   | Learned a level 1 spell: Apportation
 54718 | Zig:17   | Identified the staff of death "Beal Eje" {rC+ rN+ Str+2
                  | Int-4}
 54725 | Zig:18   | Entered Level 18 of a ziggurat
 54731 | Zig:18   | Noticed a juggernaut
 54731 | Zig:18   | Noticed a juggernaut
 54732 | Zig:18   | Noticed a juggernaut
 54732 | Zig:18   | Noticed a juggernaut
 54737 | Zig:18   | Killed a juggernaut
 54737 | Zig:18   | Killed a juggernaut
 54737 | Zig:18   | Killed a juggernaut
 54738 | Zig:18   | Killed a juggernaut
 54740 | Zig:18   | Noticed a juggernaut
 54748 | Zig:18   | Noticed a juggernaut
 54750 | Zig:18   | Killed a juggernaut
 54756 | Zig:18   | Killed a juggernaut
 54784 | Zig:18   | Identified the staff of death "Rowuan Jeux" {rF++ rN+
                  | Str+4}
 54787 | Zig:18   | Identified the ring "Ilecemaff" {Fire Contam rElec rPois
                  | rN+++}
 54789 | Zig:18   | Acquired a book of Lightning
 54797 | Zig:18   | Learned a level 5 spell: Arcjolt
 54803 | Zig:18   | Learned a level 5 spell: Blade Hands
 54811 | Zig:18   | Got the Elucidation of Vexing Ignition
 54815 | Zig:18   | Identified the +1 plate armour "Seopsucs" {Harm *Slow Str+3
                  | Stlth+}
 54826 | Zig:19   | Entered Level 19 of a ziggurat
 54850 | Zig:19   | Noticed Diumanin the pandemonium lord
 54854 | Zig:19   | Killed Diumanin the pandemonium lord
 54869 | Zig:20   | Entered Level 20 of a ziggurat
 54908 | Zig:20   | Noticed a dread lich
 54918 | Zig:20   | Killed a dread lich
 54919 | Zig:20   | Reached skill level 23 in Stealth
 54977 | Abyss:2  | Cast into level 2 of the Abyss (spatial maelstrom)
 55057 | Abyss:2  | Found a corrupted altar of Lugonu.
 55073 | Abyss:2  | Found a corrupted altar of Lugonu.
 55115 | Abyss:2  | Gained mutation: You are clumsy. (Dex -2) [a neqoxec]
 55249 | Abyss:2  | Found a corrupted altar of Lugonu.
 55261 | Abyss:2  | Found a corrupted altar of Lugonu.
 55263 | Abyss:2  | Found a corrupted altar of Lugonu.
 55655 | Abyss:2  | Found a snail-covered altar of Cheibriados.
 55661 | Abyss:2  | Found a snail-covered altar of Cheibriados.
 55661 | Abyss:2  | Found a snail-covered altar of Cheibriados.
 55731 | Abyss:2  | Found a corrupted altar of Lugonu.
 55737 | Abyss:3  | Found a corrupted altar of Lugonu.
 55834 | Abyss:3  | Found a corrupted altar of Lugonu.
 55949 | Abyss:3  | Got an abyssal rune of Zot
 56020 | Zig:20   | Escaped the Abyss
 56031 | Zig:20   | Found the +8 Wrath of Trog {antimagic, *Rage Rampage}
 56042 | Zig:20   | Identified the +3 leather armour "Deoxzeudgh" {Str+3}
 56063 | Zig:21   | Entered Level 21 of a ziggurat
 56068 | Zig:21   | Noticed a royal mummy
 56070 | Zig:21   | Noticed a royal mummy
 56071 | Zig:21   | Noticed a royal mummy
 56071 | Zig:21   | Noticed a royal mummy
 56071 | Zig:21   | Noticed a royal mummy
 56074 | Zig:21   | Killed a royal mummy
 56074 | Zig:21   | Killed a royal mummy
 56074 | Zig:21   | Killed a royal mummy
 56074 | Zig:21   | Killed a royal mummy
 56075 | Zig:21   | Noticed a royal mummy
 56076 | Zig:21   | Noticed a royal mummy
 56079 | Zig:21   | Killed a royal mummy
 56081 | Zig:21   | Killed a royal mummy
 56082 | Zig:21   | Reached skill level 24 in Stealth
 56085 | Zig:21   | Killed a royal mummy
 56103 | Zig:21   | Identified the +0 kite shield of the Dropbear {Contam
                  | Regen+ rCorr Str+4}
 56130 | Zig:21   | Acquired 808 gold pieces
 56140 | Zig:21   | Identified the staff of air "Veisitto" {Drain rElec Int+4
                  | Dex+4}
 56143 | Zig:21   | Identified the staff of conjuration "Piexiquf" {rC+ rN+
                  | Int+2}
 56174 | Zig:22   | Entered Level 22 of a ziggurat
 56197 | Zig:22   | Paralysed by a wendigo for 1 turns
 56276 | Zig:22   | Identified the staff of fire "Vaugg" {rElec rF+}
 56282 | Zig:22   | Identified the amulet of the Evening {+Blink rPois Will+
                  | Regen+ Dex-4}
 56291 | Zig:23   | Entered Level 23 of a ziggurat
 56350 | Zig:24   | Entered Level 24 of a ziggurat
 56398 | Zig:24   | Reached skill level 25 in Stealth
 56414 | Zig:24   | Found the ring of the Hare {EV+10}
 56426 | Zig:24   | Identified the +7 whip of Luxury {freeze, Will+}
 56433 | Zig:24   | Identified the +0 tower shield of the Lobster {Rampage rN+
                  | Dex-5}
 56442 | Zig:24   | Identified the ring "Atsyloud" {+Blink rPois rC- rCorr
                  | Str+6}
 56444 | Zig:24   | Identified the +6 mace "Suntaare" {freeze, rPois rN+ Str+3}
 56452 | Zig:25   | Entered Level 25 of a ziggurat
 56494 | Zig:25   | Found the +5 demon whip "Spellbinder" {antimagic, disrupt,
                  | Will+}
 56497 | Zig:25   | Found the +7 lajatang of Order {silver, rMut}
 56503 | Zig:25   | Identified the amulet "Ufykien" {Harm Regen+ Int+2 Dex+3}
 56518 | Zig:25   | Learned a level 9 spell: Shatter
 56525 | Zig:25   | Identified the +6 plate armour of Najaoz {-Cast +Blink
                  | Dex+4 SInv}
 56533 | Zig:25   | Identified the staff of cold "Deuleits" {Fly rPois rC+
                  | SInv}
 56567 | Zig:26   | Entered Level 26 of a ziggurat
 56605 | Zig:26   | Found the +3 salamander hide armour {Flames, rFlCloud rF++
                  | rC--}
 56618 | Zig:26   | Identified the +2 helmet of Hiblubet {+Blink}
 56625 | Zig:26   | Identified the staff of death "Kyihuf" {rN+ Str-4 Int+6}
 56634 | Zig:26   | Got the Parchment of Attendants
 56635 | Zig:26   | Identified the +5 spear of Fear {elec, Will++ rCorr Str+2
                  | SInv}
 56652 | Zig:26   | Identified the +4 great sword "Hellblazer" {heavy, rN+
                  | Int+4 Dex-2 SInv}
 56661 | Zig:27   | Entered Level 27 of a ziggurat
 56672 | Zig:27   | Reached skill level 26 in Stealth
 56701 | Zig:27   | Identified the +2 halberd "Giuphodd" {heavy, *Rage Str+5}
 56733 | Zig:27   | Identified the amulet "Icomiazo" {Faith rElec}
 56814 | Depths:4 | Learned a level 7 spell: Dragon Form
 58290 | Zot:3    | Noticed an orb of fire
 58298 | Zot:3    | Killed an orb of fire
 58540 | Zot:3    | Noticed an orb of fire
 58540 | Zot:3    | Gained mutation: You are occasionally teleported next to
                  | monsters. [an orb of fire]
 58544 | Zot:3    | Killed an orb of fire
 58749 | Zot:3    | Reached skill level 27 in Stealth
 58952 | Zot:3    | Lost mutation: You are robust. (+10% HP) [potion of
                  | mutation]
 58952 | Zot:3    | Lost mutation: You are clumsy. (Dex -2) [potion of
                  | mutation]
 58952 | Zot:3    | Lost mutation: You are occasionally teleported next to
                  | monsters. [potion of mutation]
 58952 | Zot:3    | Gained mutation: You possess an exceptional clarity of
                  | mind. [potion of mutation]
 58977 | Zot:4    | Noticed an orb of fire
 58978 | Zot:4    | Gained mutation: You occasionally shout uncontrollably at
                  | your foes. [an orb of fire]
 58980 | Zot:4    | Killed an orb of fire
 59496 | Zot:5    | Entered Level 5 of the Realm of Zot
 59920 | Zot:5    | Noticed a dread lich
 59933 | Zot:5    | Killed a dread lich
 59934 | Zot:5    | Noticed a dread lich
 59935 | Zot:5    | Killed a dread lich
 59964 | Zot:5    | Noticed an orb of fire
 59967 | Zot:5    | Killed an orb of fire
 59977 | Zot:5    | Noticed an orb of fire
 59979 | Zot:5    | Killed an orb of fire
 59982 | Zot:5    | Noticed a dread lich
 59986 | Zot:5    | Killed a dread lich
 60037 | Zot:5    | Noticed an orb of fire
 60039 | Zot:5    | Gained mutation: You occasionally lose the ability to drink
                  | potions when taking damage. [an orb of fire]
 60073 | Zot:5    | Lost mutation: You are strong-willed. (Will+) [potion of
                  | mutation]
 60073 | Zot:5    | Lost mutation: You occasionally shout uncontrollably at
                  | your foes. [potion of mutation]
 60073 | Zot:5    | Gained mutation: You have sharp toenails. [potion of
                  | mutation]
 60074 | Zot:5    | Lost mutation: You have sharp fingernails. [potion of
                  | mutation]
 60074 | Zot:5    | Lost mutation: You have sharp toenails. [potion of
                  | mutation]
 60074 | Zot:5    | Lost mutation: Armour fits poorly on your strangely shaped
                  | body. [potion of mutation]
 60074 | Zot:5    | Gained mutation: Armour fits poorly on your strangely
                  | shaped body. [potion of mutation]
 60075 | Zot:5    | Lost mutation: Armour fits poorly on your strangely shaped
                  | body. [potion of mutation]
 60075 | Zot:5    | Lost mutation: You possess an exceptional clarity of mind.
                  | [potion of mutation]
 60075 | Zot:5    | Gained mutation: Your mind is acute. (Int +4, Str/Dex -1)
                  | [potion of mutation]
 60076 | Zot:5    | Lost mutation: Your mind is acute. (Int +4, Str/Dex -1)
                  | [potion of mutation]
 60076 | Zot:5    | Lost mutation: You occasionally lose the ability to drink
                  | potions when taking damage. [potion of mutation]
 60076 | Zot:5    | Gained mutation: You are vulnerable to cold. (rC-) [potion
                  | of mutation]
 60077 | Zot:5    | Lost mutation: You are vulnerable to cold. (rC-) [potion of
                  | mutation]
 60077 | Zot:5    | Gained mutation: You are partially covered in iridescent
                  | scales. (AC +2) [potion of mutation]
 60077 | Zot:5    | Gained mutation: You have hidden genetic potential. [potion
                  | of mutation]
 60122 | Zot:5    | Killed an orb of fire
 60158 | Zot:5    | Noticed a dread lich
 60166 | Zot:5    | Paralysed by a dread lich for 2 turns
 60169 | Zot:5    | Killed a dread lich
 60317 | Zot:5    | Got the Orb of Zot
 60987 | D:$      | Escaped with the Orb!

Illustrated notes

Levels and vault maps discovered:
D:1:      co_arrival_square_in_a_square_in_a_square, layout_rooms, st_stairs_7
D:2:      layout_basic, nicolae_ecumenical_snake_handling
D:3:      cheibrodos_greedy_goblins, layout_basic, trog_three_pillars_becter,
          kennysheep_generic_room_7
D:4:      layout_basic, nicolae_overflows_in_rows, serial_shops,
          nicolae_shop_pleasant_corner_grove
D:5:      layout_loops_ring, serial_shops, nicolae_square_shop,
          amcnicky_altar_lugonu_corruption
D:6:      layout_loops_ring, grunt_temple_overflow_forces_of_nature,
          minmay_temple_entry_nine_rooms
D:7:      layout_basic, serial_shops, nicolae_stop_n_shop_1, enter_bailey_7
D:8:      layout_basic, nemelex_altar_shiori, dpeg_oklobed_lair, serial_shops,
          nicolae_shop_tiny_waterfront, minmay_crossroads, uniq_grum,
          uniq_psyche, uniq_erica, uniq_maggie
D:9:      minmay_evil_eye, layout_layer_cave
D:10:     layout_long_grid
D:11:     layout_irregular_city, gauntlet_entry_generic,
          biasface_ghost_orc_armoury, uniq_maurice, uniq_harold
D:12:     layout_rooms, minmay_orc_entry_temple_small, nicolae_shop_firing_range
D:13:     minmay_the_grid_four_pointed_star_mashed
          [minmay_the_grid_triangle_9x9_wacky_v,
          minmay_the_grid_triangle_9x9_stretched_checkered,
          minmay_the_grid_triangle_9x9_zippers_horizontal,
          minmay_the_grid_triangle_9x9_zippers_vertical,
          minmay_the_grid_prize_shrinking_boxes], layout_cross,
          ximxim_vaults_locker_room
D:14:     layout_stronghold, serial_shops, nicolae_square_shop,
          nicolae_square_shop, nicolae_straight_to_the_point
D:15:     grunt_enter_depths_snipers, layout_rooms, serial_shops, shop,
          chequers_decorated_corner, uniq_nessos
Lair:1:   layout_hall_layers, grunt_megastairs_3, lemuel_fruit_tree, uniq_urug,
          uniq_fannar
Lair:2:   layout_chaotic_city, minmay_stone_trees_large, grunt_megastairs_4,
          uniq_amaemon
Lair:3:   layout_gridlike, nicolae_shoals_entry_roost,
          spider_nest_entry_web_field
Lair:4:   layout_loops_ring, slime_entry_1, grunt_megastairs_1,
          lemuel_fruit_fields, infiniplex_staircase_pool
Lair:5:   cheibrodos_lair_end_hotspot, layout_long_grid
Shoals:1: layout_shoals, nicolae_shoals_lost_giant_temple,
          dpeg_stationary_puzzle
Shoals:2: layout_shoals
Shoals:3: layout_shoals, serial_shops, bzr_entry_islet,
          nicolae_shoals_bring_sunscreen
Shoals:4: shoals_end_grunt_garden, layout_shoals, nicolae_shoals_water_shrine,
          uniq_kirke
Spider:1: layout_spider_delve, gammafunk_ghost_split, nicolae_spider_shape
Spider:2: layout_chambers, ebering_ghost_disaster_area, uniq_aizul,
          uniq_arachne, uniq_jorgrun
Spider:3: layout_spider_delve
Spider:4: spider_rune_water
Slime:1:  nicolae_slime_pool, layout_caves
Slime:2:  layout_caves
Slime:3:  layout_caves
Slime:4:  layout_caves, nicolae_slime_rock_hall_of_fame
Slime:5
Orc:1:    layout_caves, serial_shops, shop, dreamdust_deal_with_the_devil
Orc:2:    st_orc_congregation, layout_diamond_mine, basic_altar, uniq_donald
Elf:1:    elf_arrival_001, layout_loops_cross, serial_shops,
          nicolae_square_shop, orc_legates
Elf:2:    elven_hall_of_blades_hangedman_original
          [nicolae_blade_entry_pointy_end], layout_geoelf_diagonals,
          serial_shops, shop
Elf:3:    minmay_elf_hall_x, layout_geoelf_diagonals,
          infiniplex_enter_wizlab_glasses, uniq_saint_roka
Vaults:1: ontoclasm_vaults_eye, nicolae_vaults_mitosis,
          nicolae_vaults_antechamber_and_loot_room, nicolae_vaults_house_1,
          v_misc_12, ontoclasm_vaults_decontamination, nicolae_vaults_big_ls,
          nicolae_vaults_six-pack, nicolae_vaults_house_2,
          nicolae_vaults_house_2, nicolae_vaults_lightning_bolt,
          layout_vaults_omnibox, uniq_asterion
Vaults:2: minmay_crypt_entry_necro_gods, v_misc_28, vaults_dpeg_spiral,
          v_misc_18, vaults_mumra_minichess, ontoclasm_vaults_pinch,
          nicolae_vaults_network_square, vaults_dpeg_emergency_exit,
          vaults_mumra_chevron, vaults_room_pools, nicolae_vaults_tangram_2,
          hangedman_vaults_locks, grunt_vaults_hallway_long,
          nicolae_vaults_two_Ls, nicolae_vaults_storage_room_doors,
          nicolae_vaults_layer_cake_slice, vaults_standard_mumra_x,
          layout_vaults_ring, serial_shops, shop, uniq_bai_suzhen, uniq_margery
Vaults:3: v_misc_1, vaults_mumra_chevron_long, ontoclasm_vaults_claustrophobia,
          nicolae_vaults_oozy_zoo, grunt_vaults_funnel, vaults_room_large_hall,
          nicolae_vaults_stepped_doors, v_misc_15, dpeg_vaults_monster_box,
          vaults_room_semicircle, nicolae_vaults_trapezoid_lopsided_1,
          vaults_room_ringed_pool, layout_vaults_omnigrid
Vaults:4: nicolae_vaults_ninety_degrees, hangedman_vaults_impose,
          nicolae_vaults_security_offices_5,
          nicolae_vaults_doubleplus_tesselated, nicolae_vaults_sesquioval_fish,
          vaults_room_hallway, nicolae_vaults_house_2,
          layout_vaults_chaotic_city, serial_shops, nicolae_shop_trees,
          uniq_boris
Vaults:5: serial_shops, uniq_frederick
Crypt:1:  layout_catacombs, grunt_megastairs_5, lemuel_upstairs_altar,
          uniq_sojobo
Crypt:2:  minmay_guarded_unrand_majin_bo, layout_basic, basic_altar
Crypt:3:  evilmike_haunted_forest, uniq_vv
Depths:1: layout_gridville, hangedman_coc_ice_floe, abyss_entry,
          lemuel_round_altar, item_on_display_a, serial_bayou_shore_b,
          grunt_megastairs_2
Depths:2: minmay_split_circle, layout_gridlike, hell_entry,
          nicolae_trove_entry_crystal, rand_demon_pan_entry_3,
          nicolae_abyss_entry_one_way_or_another, minmay_misc_feat_five
Depths:3: spriggan_forest, abyss_entry, hell_entry
Depths:4: evilmike_zot_entry_diamond, layout_basic, enter_ziggurat_b,
          abyss_entry, grunt_mini_vestibule,
          muffindrake_ghost_three_little_ghosts
Zot:1:    layout_misc_corridors
Zot:2:    layout_cathedral_of_symmetry
Zot:3:    layout_basic, st_single_dragon_hoard_1
Zot:4:    layout_onion_interference, hangedman_elemental_corridor
Zot:5:    layout_twisted_circle, lemuel_baited_zot_trap, st_stairs_2

Skill      XL: |  1  2  3  4  5  6  7  8  9 10 11 12 13 14 15 16 17 18 19 20 21 22 23 24 25 26 27 |
---------------+----------------------------------------------------------------------------------+-----
Spellcasting   | 5 6 7 8 9 10 11 12 13 14 15 16 17 18 19 23 | 23.6
Invocations    | 1 2 3 4 5 6 7 8 9 10 11 12 13 14 15 16 17 18 19 20 25 | 25.0
Short Blades   | 1 2 3 4 5 6 7 8 9 10 11 12 13 14 15 16 17 18 23 | 23.2
Long Blades    | 1 2 3 4 5 6 7 8 9 10 11 12 13 14 15 16 17 18 23 | 23.2
Axes           | 1 2 3 4 5 6 7 8 9 10 11 12 13 14 15 16 17 18 23 | 23.2
Maces & Flails | 1 2 3 4 5 6 7 8 9 10 11 12 13 14 15 16 17 18 23 | 23.2
Polearms       | 1 2 3 4 5 6 7 8 9 10 11 12 13 14 15 16 17 18 23 | 23.2
Staves         | 1 2 3 4 5 6 7 8 9 10 11 12 13 14 15 16 17 18 23 | 23.2
Ranged Weapons | 1 2 3 4 5 6 7 8 9 10 11 12 13 14 15 16 17 18 23 | 23.2
Throwing       | 1 2 3 4 5 6 7 8 9 10 11 12 13 14 15 16 17 18 23 | 23.2
Armour         | 1 2 3 4 5 6 7 8 9 10 11 12 13 14 15 16 17 18 23 | 23.2
Stealth        | 1 2 3 4 5 6 7 8 9 10 11 12 13 14 15 16 17 19 20 27 | 27.0
Shields        | 1 2 3 4 5 6 7 8 9 10 11 12 13 14 15 16 17 18 23 | 23.2
Evocations     | 1 2 3 4 5 6 7 8 9 10 11 12 13 14 15 16 17 18 23 | 23.2
Conjurations   | 1 2 3 4 5 6 7 8 9 10 11 12 13 14 15 19 | 19.9
Hexes          | 1 2 3 4 5 6 7 8 9 10 11 12 13 14 15 19 | 19.9
Summonings     | 1 2 3 4 5 6 7 8 9 10 11 12 13 14 15 19 | 19.9
Necromancy     | 1 2 3 4 5 6 7 8 9 10 11 12 13 14 15 23 | 23.0
Translocations | 1 2 3 4 5 6 7 8 9 10 11 12 13 14 15 19 | 19.9
Fire Magic     | 1 2 3 4 5 6 7 8 9 10 11 12 13 14 15 19 | 19.9
Ice Magic      | 1 2 3 4 5 6 7 8 9 10 11 12 13 14 15 19 | 19.9
Air Magic      | 1 2 3 4 5 6 7 8 9 10 11 12 13 14 15 19 | 19.9
Earth Magic    | 1 2 3 4 5 6 7 8 9 10 11 12 13 14 15 19 | 19.9
Poison Magic   | 1 2 3 4 5 6 7 8 9 10 11 12 13 14 15 21 | 21.6
Fighting       | 3 4 5 6 7 8 9 10 11 12 13 14 15 16 17 18 23 | 23.3
Transmutations | 4 5 6 7 8 9 10 11 12 13 14 15 16 20 | 20.2
Dodging        | 5 6 7 8 9 10 11 12 13 14 15 16 17 18 19 23 | 23.5
Unarmed Combat | 7 8 9 10 11 12 13 14 15 16 17 18 19 23 | 23.9

Action                     |  1- 3 |  4- 6 |  7- 9 | 10-12 | 13-15 | 16-18 | 19-21 | 22-24 | 25-27 || total
---------------------------+-------+-------+-------+-------+-------+-------+-------+-------+-------++-------
  Melee: Unarmed           |    81 |   192 |   192 |   392 |   733 |  1002 |  1170 |  1074 |  1627 ||  6463
         Kick              |    15 |    20 |       |     4 |       |       |       |       |       ||    39
         Bite              |     4 |     7 |     6 |    11 |    81 |   135 |   225 |   199 |   326 ||   994
         Headbutt          |     9 |    13 |       |     5 |       |       |       |       |       ||    27
         Punch             |       |     2 |     1 |     5 |       |       |       |       |   129 ||   137
         Staff             |       |       |       |    46 |       |       |       |       |    62 ||   108
         Tailslap          |       |       |       |       |       |       |       |       |    80 ||    80
  Throw: Stone             |       |       |     2 |       |     2 |       |       |       |       ||     4
         Throwing net      |       |       |       |       |       |       |     1 |       |       ||     1
   Cast: Beastly Appendage |    16 |    27 |       |     1 |       |     1 |       |       |       ||    45
         Wereblood         |       |    10 |    11 |    11 |    26 |    30 |    38 |    36 |    56 ||   218
         Spider Form       |       |    10 |    13 |     4 |       |       |       |       |       ||    27
         Ice Form          |       |       |     6 |    29 |    18 |       |       |       |       ||    53
         Confusing Touch   |       |       |       |     1 |       |       |       |       |       ||     1
         Statue Form       |       |       |       |       |    40 |    73 |    69 |    80 |    80 ||   342
         Lesser Beckoning  |       |       |       |       |       |     1 |     4 |     8 |    45 ||    58
         Blink             |       |       |       |       |       |     4 |       |       |     3 ||     7
         Dispel Undead     |       |       |       |       |       |       |     2 |       |       ||     2
         Lee's Rapid Decon |       |       |       |       |       |       |       |     6 |       ||     6
         Dragon Form       |       |       |       |       |       |       |       |       |    34 ||    34
         Ignition          |       |       |       |       |       |       |       |       |    72 ||    72
         Ozocubu's Refrige |       |       |       |       |       |       |       |       |     7 ||     7
         Necromutation     |       |       |       |       |       |       |       |       |     5 ||     5
         Disjunction       |       |       |       |       |       |       |       |       |     2 ||     2
         Apportation       |       |       |       |       |       |       |       |       |     1 ||     1
         Blade Hands       |       |       |       |       |       |       |       |       |     1 ||     1
 Invoke: Slouch            |       |       |       |     2 |     2 |    11 |     3 |    13 |    19 ||    50
         Bend Time         |       |       |       |     1 |       |     1 |     3 |       |     1 ||     6
         Temporal Distorti |       |       |       |       |       |     3 |     4 |     2 |    11 ||    20
         Step From Time    |       |       |       |       |       |       |       |       |     4 ||     4
Ability: End Transformatio |       |       |     1 |     1 |     2 |     1 |     2 |     1 |    13 ||    21
         Evoke Blink       |       |       |       |       |       |       |       |     3 |     7 ||    10
         Breathe Fire      |       |       |       |       |       |       |       |       |     1 ||     1
  Evoke: Wand              |       |       |       |     3 |     1 |    18 |     2 |       |     5 ||    29
         Lightning rod     |       |       |       |       |       |       |       |     1 |       ||     1
         Tin of tremorston |       |       |       |       |       |       |       |       |     5 ||     5
         Box of beasts     |       |       |       |       |       |       |       |       |     1 ||     1
    Use: Scroll            |       |     4 |     7 |    11 |     8 |     3 |     3 |     5 |    41 ||    82
         Potion            |       |     1 |       |     3 |       |       |     2 |     2 |    30 ||    38
   Stab: Sleeping          |     1 |     4 |     1 |     4 |    12 |    11 |    12 |    17 |     9 ||    71
         Confused          |       |       |       |     2 |       |       |       |       |       ||     2
         Petrifying        |       |       |       |     3 |       |       |       |       |       ||     3
         Invisible         |       |       |       |     6 |       |       |       |       |     4 ||    10
         Distracted        |       |       |       |     1 |     2 |     3 |       |     1 |    12 ||    19
         Held in net/web   |       |       |       |       |       |       |     5 |       |       ||     5
 Armour: Robe              |     8 |     8 |     2 |       |       |       |       |       |       ||    18
         Skin              |       |     4 |     5 |    71 |   149 |   304 |   378 |   234 |   495 ||  1640
         Ring mail         |       |       |       |     5 |    26 |     8 |     7 |     8 |    33 ||    87
         Leather armour    |       |       |       |       |     1 |     5 |       |       |       ||     6
  Dodge: Dodged            |    59 |   163 |   160 |   361 |   751 |  1331 |  1866 |  1408 |  3163 ||  9262
  Block: Buckler           |       |       |       |    19 |   375 |   852 |  1045 |   884 |   105 ||  3280
         Kite shield       |       |       |       |       |       |       |       |       |  1069 ||  1069

Table legend: (Time is in decaauts)
 A = Elapsed time spent in this place.
 B = Non-inter-level travel time spent in this place.
 C = Inter-level travel time spent in this place.
 D = Time resting spent in this place.
 E = Time spent auto-exploring this place.
 F = Levels seen in this place.
 G = Mean time per level.
                   A        B        C        D        E       F      G
               +--------+--------+--------+--------+--------+-----+--------+
         Total | 108314 |  90492 |  17822 |   2194 |  57292 |  89 | 1217.0 |
       Dungeon |  24947 |  19460 |   5487 |    644 |  14057 |  15 | 1663.1 |
          Lair |  10561 |   8763 |   1798 |    882 |   6243 |   5 | 2112.2 |
        Shoals |   6897 |   6488 |    409 |     13 |   4757 |   4 | 1724.2 |
   Spider Nest |   9775 |   7880 |   1895 |    166 |   5528 |   4 | 2443.8 |
    Slime Pits |    746 |    618 |    128 |      0 |      0 |   5 |  149.2 |
  Orcish Mines |   2336 |   1623 |    713 |      0 |   1111 |   2 | 1168.0 |
   Elven Halls |   5265 |   3788 |   1477 |     49 |   2257 |   3 | 1755.0 |
        Vaults |  13483 |  11314 |   2169 |     35 |   7990 |   5 | 2696.6 |
         Crypt |   8201 |   7000 |   1201 |     23 |   4837 |   3 | 2733.7 |
        Depths |  10745 |   8587 |   2158 |     32 |   5623 |   4 | 2686.2 |
           Zot |   6059 |   5676 |    383 |    116 |   4022 |   5 | 1211.8 |
         Abyss |   2009 |   2009 |      0 |      0 |    115 |   2 | 1004.5 |
      Ziggurat |   3377 |   3377 |      0 |     57 |      0 |  27 |  125.1 |
        Bazaar |    270 |    270 |      0 |      0 |    119 |   1 |  270.0 |
         Trove |    239 |    239 |      0 |      0 |      0 |   1 |  239.0 |
        Bailey |    741 |    741 |      0 |     53 |     46 |   1 |  741.0 |
        Wizlab |   1388 |   1388 |      0 |     73 |      0 |   1 | 1388.0 |
      Gauntlet |   1266 |   1266 |      0 |     48 |    584 |   1 | 1266.0 |
               +--------+--------+--------+--------+--------+-----+--------+

Top non-repeatable levels by time:
Depths:2: 3673 daAuts
 Crypt:3: 3533 daAuts
Depths:3: 3256 daAuts
Vaults:2: 3123 daAuts
Spider:2: 3105 daAuts
Vaults:3: 3010 daAuts
Vaults:1: 2672 daAuts
  Lair:5: 2617 daAuts
 Crypt:1: 2577 daAuts
   Elf:3: 2564 daAuts
Vaults:5: 2486 daAuts
     D:9: 2433 daAuts
     D:8: 2376 daAuts
Spider:4: 2363 daAuts
Spider:3: 2355 daAuts
